Workbook
Name _1.1__Project_Organisation_and_Resource: PMP!$A$89
Name _1.1__Project_Organisation_and_Resource_CEMP: CEMP!$A$101
Name _1.1__Project_Organisation_and_Resource_CPP: CPP!$A$105
Name _1.1__Responsibilities_TMP: TMP!$A$76
Name _1.1__Scope_of_Works_CHAP: CHAP!$A$100
Name _1.2__Project_Timescale_CHAP: CHAP!$A$103
Name _1.2__Scope_of_Works: PMP!$A$158
Name _1.2__Scope_of_Works_CEMP: CEMP!$A$122
Name _1.2__Scope_of_Works_CPP: CPP!$A$116
Name _1.2__Scope_of_Works_TMP: TMP!$A$92
Name _1.3__Call_out_Process: CHAP!$A$109
Name _1.3__Project_Timescale: PMP!$A$163
Name _1.3__Project_Timescale_CEMP: CEMP!$A$126
Name _1.3__Proposal: TMP!$A$96
Name _1.3__Summary_of_Restrictions_Affecting_the_Works_CPP: CPP!$A$120
Name _1.4__Project_Timescale_CPP: CPP!$A$124
Name _1.5__Notification_to_HSE: CPP!$A$134
Name _1.6__Site_Start_up_Checklist: CPP!$A$137
Name _12.1__Design_and_Development__design_and_development_may_not_be_required_on_all_projects: PMP!$A$372
Name _12.2__Design_Change__design_change_is_required_on_all_projects: PMP!$A$376
Name _13.1__Works_Procedures_and_Method_Statements: PMP!$A$387
Name _13.2__Workmanship_Inspection_and_Testing: PMP!$A$392
Name _13.3__Temporary_Works_Control: PMP!$A$400
Name _13.4__Equipment___Inspection__Testing_and_Monitoring: PMP!$A$412
Name _14.1__Rework_and_defects: PMP!$A$426
Name _14.2__Corrective_and_Preventive_Action: PMP!$A$436
Name _2.1__Health___Safety_Monitoring: CPP!$A$144
Name _2.1__Roles_and_Responsibilities_CHAP: CHAP!$A$113
Name _2.10__Incident_Reporting__Recording_and_Investigation: CPP!$A$334
Name _2.11__Risk_Assessment_and_Method_Statements: CPP!$A$362
Name _2.12__Site_Rules: CPP!$A$377
Name _2.13__Drugs_and_Alcohol: CPP!$A$386
Name _2.14__Mobile_Phone_use: CPP!$A$393
Name _2.15__Fire_and_Emergency_Preparedness: CPP!$A$398
Name _2.2__Commissioning__Handover_and_Aftercare_Responsibilities: CHAP!$A$177
Name _2.2__Communication_Methods: CPP!$A$169
Name _2.3__PPE_RPE: CPP!$A$214
Name _2.3__Reporting: CHAP!$A$181
Name _2.4__Direction_and_Co_ordination_of_Others: CPP!$A$223
Name _2.5__Selection_and_Appointment_of_the_Supply_chain: CPP!$A$231
Name _2.6__Protection_of_the_Public_and_Site_Security: CPP!$A$252
Name _2.7__Site_Induction_and_Training: CPP!$A$259
Name _2.8__Welfare_Facilities: CPP!$A$299
Name _2.9__First_Aid: CPP!$A$320
Name _3.1___Pre_construction_Information: CPP!$A$425
Name _3.10__Noise_Management: CPP!$A$468
Name _3.11__Maintenance_of_Plant_and_Equipment: CPP!$A$473
Name _3.12__Working_in_Confined_Spaces: CPP!$A$480
Name _3.13__Excavations___Poor_Ground_Condition_Management___Wells___Underground_Earthwork___Tunnels: CPP!$A$486
Name _3.14__Work_on_or_Near_Water_etc._–_other_risks_of_drowning: CPP!$A$495
Name _3.15__Traffic_Routes___Segregation: CPP!$A$498
Name _3.16__Storage_Materials_and_Management: CPP!$A$502
Name _3.17__Off_Site_Fire_Risks: CPP!$A$510
Name _3.18__Health_Risks: CPP!$A$513
Name _3.2__Delivery_and_Removal_of_Materials__including_Waste: CPP!$A$428
Name _3.3__Services_and_Overhead_and_Underground_Services: CPP!$A$432
Name _3.4__Temporary_Structures___Unstable_Structures_identified: CPP!$A$441
Name _3.5__Preventing_Falls___Working_at_Height: CPP!$A$446
Name _3.6__Scaffolding_and_Safe_Means_of_Access: CPP!$A$449
Name _3.7__Control_of_Lifting_Operations: CPP!$A$454

Sheet Project Plan Workbook Index
A1: Record | C1: Date & Version | AD1: YES
A2: Project Plan Workbook Template | C2: February 2024 V1.15 | AD2: NO
A3: PROJECT PLAN WORKBOOK INDEX | AD3: N/A
A5: Project Name: | B5: A494 River Dee Bridge Deck over-slabbing Contingency Scheme | G5: Project No: | H5: 21-NM-CHR-003
G9: Date: | AA9: E
AA10: H
AA11: C
A12: DOCUMENT STATUS:
A13: (E= Email H= Hard Copy C= CD) | G13: Format: | H13: E | AA13: P
A14: (P=Preliminary I= For information T=For tender | G14: Status: | H14: P | AA14: I
A15: C=Construction PS= Planning Submission) | AA15: T
A16: Document Title | D16: Originating Company | F16: Completed Yes/No/N/A | H16: Comments | AA16: C
A17: Project Management Plan (PMP) | D17: Jones Bros. Ruthin (Civil Engineering) Co. Ltd. | F17: NO | AA17: PS
A18: Construction Phase Health & Safety Plan (CPP) | D18: Jones Bros. Ruthin (Civil Engineering) Co. Ltd. | F18: NO
A19: Construction Environmental Management Plan (CEMP) | D19: Jones Bros. Ruthin (Civil Engineering) Co. Ltd. | F19: NO
A20: Traffic Management Plan (TMP) | D20: Jones Bros. Ruthin (Civil Engineering) Co. Ltd. | F20: NO
A21: Project Roles & Responsibilities Matrix | D21: Jones Bros. Ruthin (Civil Engineering) Co. Ltd. | F21: NO
A22: TRANSMITTAL RECORD:
A23: Company | F23: Name | H23: Number of Copies
A37: The documents are issued to you for: | D37: Review / Comment
A38: Return to: | E38: Please sign a copy of this transmittal sheet as acknowledgement of receipt and return within seven days
A39: Name: | F39: I/ we acknowledge the receipt of documents above
A40: Company:
A41: Address: | B41: Ty Glyn, Ruthin, Canol Y Dre, Denbighshire, LL15 1QW | C41: Sign
A42: E-mail: | F42: Name | H42: Signature | T42: Date

Sheet PMP
A4: PROJECT MANAGEMENT PLAN (PMP)
A6: Project Name: | C6: =('Project Plan Workbook Index'!B5) -> A494 River Dee Bridge Deck over-slabbing Contingency Scheme
A7: Project Number: | C7: =('Project Plan Workbook Index'!H5) -> 21-NM-CHR-003
A8: Project Details
A9: Project Description: | D9: The North and Mid Wales Trunk Road Agent (NMWTRA) have commissioned a project to develop a major maintenance intervention should a critical defect be identified within the A494 River Dee Bridge structure and enable this to be implemented with minimal impact on traffic conditions. The proposed design intervention comprises of removing a depth of existing road surfacing and replacing with a new thin reinforced concrete over-slab with combined waterproof and wearing membrane (hence forth referred to as the ‘over-slabbing works’). Enabling works are required to parts of the central reserve and to the Riverside Way Junction to facilitate contraflow traffic management arrangements during construction. The enabling works consist of construction 2Nr crossovers through the central reserve west of the existing bridge and works to widen the Riverside Way Junction.
A11: Project Location: | D11: Enter your project location here
A13: Plan Approvals
A14: Written by: | C14: Name: | G14: Signature: | J14: Date:
A15: Approved by: | C15: Name: | G15: Signature: | J15: Date:
A17: Explanatory Notes:-
A18: (i) Origination: Tender phase origination resides with the Project Manager. Construction Phase update will be the responsibility of the Site Manager.
A19: (ii) Approval: Tender phase approval resides with the Contracts Manager or Regional Director. Construction Phase approval will be the responsibility of the Project Manager.
A20: (iii) Revision: The plan will be revised to reflect changes that have been made to the product, project or contract, work practices, service provision or Quality assurance procedures. Where changes are made to the plan an assessment of the impacts of the changes will be carried out and recorded in the Version Control section below.
A22: Version Control
A23: Description of changes | E23: Date | F23: Revision | G23: Page No. | H23: Comments
A31: Explanatory Notes:-
A32: This Project Management Plan will be added to, reviewed and updated as the project develops, further design work is completed, information from subcontractors starting work becomes available, unforeseen circumstances or variations to planned circumstances arise or where the operations management team deem it is necessary.
A33: If sections are deemed not applicable DO NOT DELETE. Replace text with 'not applicable' on this project.
A34: CONTENT
A36: Section Ref | C36: Content | J36: Comments
C37: Introduction
A38: 1.0 | C38: Project Details and Management Responsibilities
A39: 1.1 | C39: Project Organisation and Resource
A40: 1.2 | C40: Scope of works
A41: 1.3 | C41: Project Timescales
A42: 2.0 | C42: Project Plans
A43: 3.0 | C43: Project Objectives and Performance Indicators
A44: 4.0 | C44: Best Practice Initiatives
A45: 5.0 | C45: Planning and Programming
A46: 6.0 | C46: Risk Management
A47: 7.0 | C47: Commercial Arrangements and Reporting
A48: 8.0 | C48: Control of Documents, Data and Records
A49: 8.1 | C49: IT Infrastructure
A50: 8.2 | C50: Document Control
A51: 8.3 | C51: Record Control
A52: 8.4 | C52: Mandatory Client or Other Third Party Documentation Requirements
A53: 9.0 | C53: Procurement
A54: 9.1 | C54: Material Purchasing
A55: 9.2 | C55: Plant Hire & Management
A56: 9.3 | C56: Subcontract Procurement
A57: 10.0 | C57: Client Supplied Product
A58: 11.0 | C58: Customer Feedback
A59: 12.0 | C59: Design Management
A60: 12.1 | C60: Design and Development
A61: 12.2 | C61: Design Change
A62: 13.0 | C62: Process Control
A63: 13.1 | C63: Work Procedures and Method Statements
A64: 13.2 | C64: Workmanship Inspection and Testing
A65: 13.3 | C65: Temporary Works Control
A66: 13.4 | C66: Inspection, Testing and Monitoring Equipment
A67: 14.0 | C67: Control of Non Conforming Product
A68: 14.1 | C68: Rework and Defects
A69: 14.2 | C69: Corrective and Preventive Action
A70: 15.0 | C70: Handover and Aftercare
A71: 16.0 | C71: Protection of Completed Works
A72: 17.0 | C72: Internal Audit
A73: 18.0 | C73: Training and Competency
A74: 19.0 | C74: Record Referencing Matrix
A75: 20.0 | C75: Further Guidance
A76: Explanatory Notes:-
A77: In this template Plan, guidance and sample content is included where deemed necessary. This is indicated by the inclusion of yellow boxes with text in brackets { }. On completing this plan all sample and guidance text should be deleted or overwritten as required.
A78: Introduction
A79: (a) The Project Management Plan (PMP) is a controlled document that outlines the resources and processes for carrying out all works associated with this project. The PMP describes how Jones Bros will perform the project (design, procurement, construction, commissioning and handover).
A80: (b) One of the primary purposes of the Project Management Plan is to define what elements of the Jones Bros BMS will be put in place on specific projects.
A81: (c) This plan has been developed in compliance with the requirements of ISO 9001 - Quality Management System, ISO 45001 - Occupational health and safety and ISO 14001 - Environmental Management and is mandated on all Jones Bros projects as part of the Jones Bros BMS and is therefore required to be in place and kept up to date through the project.
A82: (d) We aim to reduce the provision of generic information and to only provide in this Project Management Plan and all other associated plans project specific information that should help with the communication and risk management of this project. Other non project specific information referenced in this plan will be clearly identified with the location where it is available. If there is a need to review these documents they will be provided on request.
A83: (e) The PMP is intended to be an evolving live document developed during the tender phase. It shall summarise how Jones Bros plan to design, procure, construct and commission the works for the price we have signed up to, based upon project-specific needs and requirements.
A84: (f) The PMP is intended to be revised, expanded and updated throughout the duration of the project. The Bid Manager or Project Manager shall lead the development of the PMP during the pre-award phases of the project with support from various functions. The Project Manager shall be responsible for developing the PMP and ensuring that changes are documented and communicated to all parties.
A85: (g) After the project has been awarded, the PMP is updated with final details and the project-specific management processes and plans shall be handed over to the Site Manager for implementation and ongoing update through the construction phase. It is recognised that some parts of the PMP may be replaced by separate stand-alone documents that are specifically designed for use during the Design and Construction phase. These will be referenced accordingly throughout the plan.
A86: (h) A single Project Management Plan is produced for the project (unless stated otherwise in section 1.2). It is updated as required, at a minimum of monthly intervals, throughout the project lifecycle or in response to significant change on the project.
A87: SECTION 1 | E87: PROJECT DETAILS AND MANAGEMENT RESPONSIBILITIES
A89: 1.1) Project Organisation and Resource
A90: (a) Agreed responsibilities and Specific duties for key roles are outlined in the Jones Bros Business Management system under 03 -Knowledge area - 03.21 - HR - 03.21.01 Job Role Descriptions. Responsibilities are also identified in associated Process Flow Charts (PFC) held in the Jones Bros BMS 03 - Knowledge area - 03.03 Process Flow Charts and, where appropriate, referenced throughout this plan.
A91: (b) Communication and display of appointments: | E91: A copy of the appointments is to be displayed on the project’s health and safety notice board and in the project filing structure {insert location}.
A92: (c) Specific responsibilities for this project have identified and listed throughout the development of this Project Plan Workbook. All roles captured throughout the document will be highlighted below and can be filtered for briefing in the:
A93: Project Roles & Responsibilities Matrix
A94: (d) All appointments on the matrix are to be signed for by each individual as acceptance and understanding of the issued roles and responsibilities for the project.
A95: (e) Appointments will be reviewed and updated throughout the project, reflecting any changes or movement in the project as required.
A96: Role | C96: Name | F96: Company | H96: Address | J96: E-mail | K96: Telephone
A97: Client | C97: {insert name} | F97: The North and Mid Wales Trunk Road Agent (NMWTRA) | H97: Insert Address | J97: {insert email} | K97: {insert tel no.}
A98: Client Contract Admin | C98: {insert name} | F98: {insert company} | H98: {insert address} | J98: {insert email} | K98: {insert tel no.}
A99: Principal Contractor | C99: Jones Bros | F99: Jones Bros. Ruthin (Civil Engineering) Co. Ltd | H99: Jones Bros. Ruthin (Civil Engineering) Co. Ltd Ty Glyn, Canol Y Dre, Ruthin, Denbighshire LL15 1QW | J99: {insert email} | K99: {insert tel no.}
A100: Workforce Planning Manager | C100: Alan Manuel | F100: Jones Bros. Ruthin (Civil Engineering) Co. Ltd | H100: Jones Bros. Ruthin (Civil Engineering) Co. Ltd Ty Glyn, Canol Y Dre, Ruthin, Denbighshire LL15 1QW | J100: alan.manuel@jones-bros.com | K100: 07384834594
A101: IT Infrastructure Section Manager | C101: Gerallt Ellis | F101: Jones Bros. Ruthin (Civil Engineering) Co. Ltd | H101: Jones Bros. Ruthin (Civil Engineering) Co. Ltd Ty Glyn, Canol Y Dre, Ruthin, Denbighshire LL15 1QW | J101: gerallt@jones-bros.com | K101: 07584 705103
A102: IT Systems Section Manager | C102: Colin Jones | F102: Jones Bros. Ruthin (Civil Engineering) Co. Ltd | H102: Jones Bros. Ruthin (Civil Engineering) Co. Ltd Ty Glyn, Canol Y Dre, Ruthin, Denbighshire LL15 1QW | J102: colin.jones@jones-bros.com | K102: 07423 686839
A103: Jones Bros Internal Auditor | C103: Ellis Ashton | F103: Jones Bros. Ruthin (Civil Engineering) Co. Ltd | H103: Jones Bros. Ruthin (Civil Engineering) Co. Ltd Ty Glyn, Canol Y Dre, Ruthin, Denbighshire LL15 1QW | J103: ellisa@jones-bros.com | K103: 07384 835329
A104: Principal Designer | C104: (Insert name) | F104: Insert Company Name | H104: Insert Address | J104: {insert email} | K104: {insert tel no.}
A105: Designer | C105: (Insert name) | F105: Insert Company Name | H105: Insert Address | J105: {insert email} | K105: {insert tel no.}
A106: Architect | C106: {insert name} | F106: {insert company} | H106: {insert address} | J106: {insert email} | K106: {insert tel no.}
A107: Structural Engineer | C107: {insert name} | F107: {insert company} | H107: {insert address} | J107: {insert email} | K107: {insert tel no.}
... A126: Design Manager | C126: Dylan Parry | F126: Jones Bros. Ruthin (Civil Engineering) Co. Ltd | H126: Jones Bros. Ruthin (Civil Engineering) Co. Ltd Ty Glyn, Canol Y Dre, Ruthin, Denbighshire LL15 1QW | J126: dylan.parry@jones-bros.com | K126: 07918 797076
A127: Designated Individual | C127: {insert name} | H127: {insert address} | J127: {insert email} | K127: {insert tel no.}
A128: PC Temporary Work Co-Ordinator | C128: {insert name} | H128: {insert address} | J128: {insert email} | K128: {insert tel no.}
A129: Temporary Works Co-ordinator | C129: (Insert name) | F129: Jones Bros. Ruthin (Civil Engineering) Co. Ltd | H129: Jones Bros. Ruthin (Civil Engineering) Co. Ltd Ty Glyn, Canol Y Dre, Ruthin, Denbighshire LL15 1QW | J129: {insert email} | K129: {insert tel no.}
A130: Temporary Works Supervisor | C130: {insert name} | F130: Jones Bros. Ruthin (Civil Engineering) Co. Ltd | H130: {insert address} | J130: {insert email} | K130: {insert tel no.}
A131: Temporary Works Designer | C131: (Insert name) | F131: Jones Bros. Ruthin (Civil Engineering) Co. Ltd | H131: Jones Bros. Ruthin (Civil Engineering) Co. Ltd Ty Glyn, Canol Y Dre, Ruthin, Denbighshire LL15 1QW | J131: {insert email} | K131: {insert tel no.}
A132: Temporary Works Design Checker | C132: (Insert name) | F132: Jones Bros. Ruthin (Civil Engineering) Co. Ltd | H132: Jones Bros. Ruthin (Civil Engineering) Co. Ltd Ty Glyn, Canol Y Dre, Ruthin, Denbighshire LL15 1QW | J132: {insert email} | K132: {insert tel no.}
A133: Quality & Business Improvement Manager | C133: Jonathan Dennehy | F133: Jones Bros. Ruthin (Civil Engineering) Co. Ltd | H133: Jones Bros. Ruthin (Civil Engineering) Co. Ltd Ty Glyn, Canol Y Dre, Ruthin, Denbighshire LL15 1QW | J133: Jonathan.Dennehy@jones-bros.com | K133: 07443265165
A134: Quality Controller (Site Based) | C134: (Insert name) | F134: Jones Bros. Ruthin (Civil Engineering) Co. Ltd | H134: Jones Bros. Ruthin (Civil Engineering) Co. Ltd Ty Glyn, Canol Y Dre, Ruthin, Denbighshire LL15 1QW | J134: {insert email} | K134: {insert tel no.}
A135: Document Controller (Site Based) | C135: (Insert name) | F135: Jones Bros. Ruthin (Civil Engineering) Co. Ltd | H135: Jones Bros. Ruthin (Civil Engineering) Co. Ltd Ty Glyn, Canol Y Dre, Ruthin, Denbighshire LL15 1QW | J135: {insert email} | K135: {insert tel no.}
...

Sheet CPP
A4: CONSTRUCTION PHASE HEALTH & SAFETY PLAN (CPP)
A6: Project Name: | C6: =PMP!C6:K6 -> A494 River Dee Bridge Deck over-slabbing Contingency Scheme
A7: Project Number: | C7: =PMP!C7:K7 -> 21-NM-CHR-003
A9: Project Details
A10: Project Description: | D10: =PMP!D9:K9 -> The North and Mid Wales Trunk Road Agent (NMWTRA) have commissioned a project to develop a major maintenance intervention should a critical defect be identified within the A494 River Dee Bridge structure and enable this to be implemented with minimal impact on traffic conditions. The proposed design intervention comprises of removing a depth of existing road surfacing and replacing with a new thin reinforced concrete over-slab with combined waterproof and wearing membrane (hence forth referred to as the ‘over-slabbing works’). Enabling works are required to parts of the central reserve and to the Riverside Way Junction to facilitate contraflow traffic management arrangements during construction. The enabling works consist of construction 2Nr crossovers through the central reserve west of the existing bridge and works to widen the Riverside Way Junction.
A12: Project Location: | D12: =PMP!D11:K11 -> Enter your project location here
A14: Plan Approvals
A15: Written by: | C15: Name: | D15: =PMP!D14 -> 0 | F15: Signature: | G15: =PMP!H14 -> 0 | I15: Date: | J15: =PMP!K14 -> 0
A16: Approved by: | C16: Name: | D16: =PMP!D15 -> 0 | F16: Signature: | G16: =PMP!H15 -> 0 | I16: Date: | J16: =PMP!K15 -> 0
A18: Explanatory Notes:-
A19: Origination: Tender phase origination resides with the Project Manager. Construction Phase update will be the responsibility of the Site Manager.
A20: Approval: Tender phase approval resides with the Contracts Manager or Regional Director. Construction Phase approval will be the responsibility of the Project Manager.
A21: Revision: The plan will be revised to reflect changes that have been made to the product, project or contract, work practices, service provision or Quality Assurance procedures. Where changes are made to the plan an assessment of the impacts of the changes will be carried out and recorded in the Version Control section below.
A23: Version Control
A24: Description of changes | D24: Date | E24: Revision | F24: Page No. | G24: Comments
A32: Explanatory Notes:-
A33: This Construction Phase Health & Safety Plan will be added to, reviewed and updated as the project develops, further design work is completed, information from subcontractors starting work becomes available, unforeseen circumstances or variations to planned circumstances arise or where the operations management team deem it necessary.
A34: If sections are deemed not applicable DO NOT DELETE. Replace text with 'not applicable on this project'.
A36: CONTENT
A37: Section Ref | C37: Content | I37: Comments
C38: Introduction
A40: 1.0 | C40: Project Details
B41: 1.1 | C41: Project Organisation and Resource
B42: 1.2 | C42: Scope of Works
B43: 1.3 | C43: Summary of Restrictions Affecting the Works
B44: 1.4 | C44: Project Timescales
B45: 1.5 | C45: Notification to HSE
B46: 1.6 | C46: Site Start-up Checklist
A48: 2.0 | C48: Management of the Work
B49: 2.1 | C49: Health and Safety Monitoring
B50: 2.2 | C50: Communication Methods
B51: 2.3 | C51: PPE/RPE
B52: 2.4 | C52: Direction and Co-ordination of Others
B53: 2.5 | C53: Selection and Appointment of the Supply chain
B54: 2.6 | C54: Protection of the Public and Site Security
B55: =B54+0.1 -> 2.7 | C55: Site Induction and Training
B56: =B55+0.1 -> 2.8 | C56: Welfare Facilities
B57: =B56+0.1 -> 2.9 | C57: First Aid
B58: 2.10 | C58: Incident Reporting, Recording and Investigation
B59: 2.11 | C59: Risk Assessment and Method Statements
B60: 2.12 | C60: Site Rules
B61: 2.13 | C61: Drugs and Alcohol
B62: 2.14 | C62: Mobile Phone Use
B63: 2.15 | C63: Fire and Emergency Procedures
A65: 3.0 | C65: Arrangements for Controlling Specific Project Risks
B66: 3.1 | C66: Pre-construction Information (PCI)
B67: 3.2 | C67: Delivery and Removal of Materials (including Waste)
B68: 3.3 | C68: Services, Overhead and Underground Services
B69: 3.4 | C69: Temporary Structure/ Unstable Structures Identified
B70: 3.5 | C70: Preventing Falls/ Working at Height
B71: 3.6 | C71: Scaffolding and Safe Means of Access
B72: 3.7 | C72: Control of Lifting Operations
B73: 3.8 | C73: Control of Substances Hazardous to Health (COSHH)
B74: 3.9 | C74: Manual Handling
B75: 3.1 | C75: Noise Management
B76: 3.11 | C76: Maintenance of Plant and Equipment
B77: 3.12 | C77: Working in Confined Spaces
... B83: 3.18 | C83: Health Risks
A84: 4.0 | C84: Arrangements for Compiling the Health and Safety File
A85: 5.0 | C85: Record Referencing Matrix
A86: 6.0 | C86: Further Guidance
A87: Explanatory Notes:-
A88: In this template Plan, guidance and sample content is included where deemed necessary. This is indicated by the inclusion of yellow boxes with text in brackets { }. On completing this plan all sample and guidance text should be deleted or overwritten as required.
A90: Introduction CPP
A91: (a) This Construction Phase Health and Safety Plan had been prepared specifically for this project in accordance with the CDM Approved Code of Practice and the Jones Bros Health, Safety and Environmental Processes.
A92: (b) The aim of this Construction Phase Health and Safety Plan is to provide clear, concise and specific information required to manage the works and the arrangements for controlling significant project specific site risks.
A93: (c) We are committed to providing a safe place of work and continually review our Safety, Health and Environment (HSE) Processes to provide clear and relevant information through all stages of the project’s life.
A94: (d) This plan has been formulated by taking in to consideration the pre-construction information provided by the client, Principal Designer, designers and following surveys and risk assessment of the environment by the site management team responsible for this project.
A95: (e) The Jones Bros Health, Safety and Environmental (HSE) Processes represent the core arrangements for managing Health and Safety across all Jones Bros operations. In addition, the wider Business Management System (BMS) assists the site management team in the planning, management of, recording and communicating of relevant Health and Safety information to provide a safe place of work, safe systems of work and to provide uniformity and consistency in the management of Health and Safety.
A96: (b) This plan is mandated as part of the Jones Bros BMS and is therefore required to be in place and kept up to date through the project, EXCEPT when Jones Bros are not fulfilling the role of Principal Contractor. In this instance we would work to the Principal Contractors Plan.
A97: (f) Every project will have access to the Jones Bros Health, Safety and Environmental Processes, i.e. Company document management system (Pansophy), or hard copy, as appropriate to the IT available at the workplace.
A98: (g) The Company HSE Process for Construction, Design and Management outlines how Jones Bros manage the CDM process.
A99: PFC056 - Project Set Up - Health & Safety
... A101: (h) We aim to reduce the provision of generic information and to only provide in this Plan and all other associated plans project specific information that should help with the communication and risk management of this project. Other non-project specific information referenced in this plan will be clearly identified with the location where it is available. If there is a need to review these documents they will be provided on request.
A103: SECTION 1 CPP | D103: PROJECT DETAILS
A105: 1.1) Project Organisation and Resource CPP
A106: (a) Specific Project HSEQ Responsibilities for this project have been defined on the Project Appointment Matrix and relevant specialist appointment letters.
A107: Project Roles & Responsibilities Matrix
A108: (b) Appointments will be reviewed and updated throughout the project, reflecting any changes or movement in the project as required. Changes in appointments will be administered through this document and all Roles and Responsibilities briefed to the individual
A109: Role | C109: Company | E109: Address | G109: E-mail | I109: Telephone
A110: =PMP!$A$97 -> Client | C110: =PMP!$F$97 -> The North and Mid Wales Trunk Road Agent (NMWTRA) | E110: =PMP!$H$97 -> Insert Address | G110: =PMP!$J$97 -> {insert email} | I110: =PMP!K97 -> {insert tel no.}
A111: =PMP!$A$104 -> Principal Designer | C111: =PMP!$F$104 -> Insert Company Name | E111: =PMP!$H$104 -> Insert Address | G111: =PMP!$J$104 -> {insert email} | I111: =PMP!$K$104 -> {insert tel no.}
A112: =PMP!$A$105 -> Designer | C112: =PMP!F105 -> Insert Company Name | E112: =PMP!$F$105 -> Insert Company Name | G112: =PMP!$J$105 -> {insert email} | I112: =PMP!$K$105 -> {insert tel no.}
A113: =PMP!$A$106 -> Architect | C113: =PMP!$F$106 -> {insert company} | E113: =PMP!$H$106 -> {insert address} | G113: =PMP!$J$106 -> {insert email} | I113: =PMP!$K$106 -> {insert tel no.}
A114: =PMP!$A$99 -> Principal Contractor | C114: =PMP!$F$99 -> Jones Bros. Ruthin (Civil Engineering) Co. Ltd | E114: =PMP!$H$99 -> Jones Bros. Ruthin (Civil Engineering) Co. Ltd Ty Glyn, Canol Y Dre, Ruthin, Denbighshire LL15 1QW | G114: =PMP!$J$99 -> {insert email} | I114: =PMP!$K$99 -> {insert tel no.}
A116: 1.2) Scope of Works CPP
A117: =PMP!A159:K159 -> The A494 River Dee Bridge Deck Over-Slabbing Contingency Scheme is a major maintenance intervention that involves the replacement of the existing road surface with a new reinforced concrete over-slab and combined waterproof and wearing membrane. The works will be contained within the existing footprint of the bridges surface structure and above the existing concrete deck slab. Below deck debris netting will be installed and the top 75mm of the bridge deck, existing kerbs and movement joints removed and disposed off-site. Concrete deck repairs will be carried out and new structural mesh will also be installed across the entire bridge deck. The combined waterproof and wearing membrane shall also be applied to the hard verge and central reserve.
A120: 1.3) Summary of Restrictions Affecting the Works CPP
A121: {Include information outlining any constraints affecting the works. It should address any third party interfaces and who is responsible for the management and control of these interfaces. For example......The existing facility will be in full operation during the construction of the extension and full access must be maintained at all times to and from the building (including the open service area to the east of the building) for vehicular and pedestrian traffic. All fire exits and routes of escape must also be kept clear at all times.}
A124: 1.4) Project Timescale CPP
A125: Contract Award Date | D125: =PMP!E164 -> {dd/mm/yyyy} | F125: Planned Contract Completion | I125: =PMP!J167 -> {dd/mm/yyyy}
A126: Contract Commencement Date | D126: =PMP!E165 -> {dd/mm/yyyy} | F126: Form F10 (Rev) Date Submitted (copy of F10 is displayed on noticeboard)
A127: Contract Period | D127: =PMP!E166 -> {xx weeks}
A128: Site Start Date | D128: =PMP!E167 -> {dd/mm/yyyy}
A129: The normal hours of work are as follows:
A130: Monday to Friday: | D130: 07:00 - 19:00
A131: Saturday: | D131: 07:00 - 13:00
A132: Sunday: | D132: No Sunday Working
A134: 1.5) Notification to HSE
A135: The Client or Principal Designer has the responsibility of notifying the HSE and the generation of the F10. A copy of HSE Form F10 is displayed in site offices on the HSE Noticeboard. This will be reviewed and updated in liaison with the Client or Principal Designer as required through the project.
...

Sheet CEMP
A4: CONSTRUCTION ENVIRONMENT MANAGEMENT PLAN (CEMP)
A6: Project Name: | C6: =PMP!C6:K6 -> A494 River Dee Bridge Deck over-slabbing Contingency Scheme
A7: Project Number: | C7: =PMP!C7:K7 -> 21-NM-CHR-003
A8: Project Details
A9: Project Description: | D9: =PMP!D9:K9 -> The North and Mid Wales Trunk Road Agent (NMWTRA) have commissioned a project to develop a major maintenance intervention should a critical defect be identified within the A494 River Dee Bridge structure and enable this to be implemented with minimal impact on traffic conditions. The proposed design intervention comprises of removing a depth of existing road surfacing and replacing with a new thin reinforced concrete over-slab with combined waterproof and wearing membrane (hence forth referred to as the ‘over-slabbing works’). Enabling works are required to parts of the central reserve and to the Riverside Way Junction to facilitate contraflow traffic management arrangements during construction. The enabling works consist of construction 2Nr crossovers through the central reserve west of the existing bridge and works to widen the Riverside Way Junction.
A11: Project Location: | D11: =PMP!D11:K11 -> Enter your project location here
A13: Plan Approvals
A14: Written by: | C14: Name: | D14: =CPP!D15 -> 0 | F14: Signature: | G14: =PMP!H14 -> 0 | I14: Date: | J14: =PMP!K14 -> 0
A15: Approved by: | C15: Name: | D15: =CPP!D16 -> 0 | F15: Signature: | G15: =PMP!H15 -> 0 | I15: Date: | J15: =PMP!K15 -> 0
A17: Explanatory Notes:-
A18: Origination: Tender phase origination resides with the Project Manager. Construction Phase update will be the responsibility of the Site Manager.
A19: Approval: Tender phase approval resides with the Contracts Manager or Regional Director. Construction Phase approval will be the responsibility of the Project Manager.
A20: Revision: The plan will be revised to reflect changes that have been made to the product, project or contract, work practices, service provision or Quality Assurance procedures. Where changes are made to the plan an assessment of the impacts of the changes will be carried out and recorded in the Version Control section below.
A22: Version Control
A23: Description of changes | D23: Date | E23: Revision | F23: Page No. | G23: Comments
A31: Explanatory Notes:-
A32: This Project Management Plan will be added to, reviewed and updated as the project develops, further design work is completed, information from subcontractors starting work becomes available, unforeseen circumstances or variations to planned circumstances arise or where the operations management team deem it is necessary.
A33: If sections are deemed not applicable DO NOT DELETE. Replace text with "not applicable on this project".
A35: CONTENT
A37: Section Ref | C37: Content | I37: Comments
C38: INTRODUCTION
A40: 1.0 | C40: PROJECT DETAILS
B41: 1.1 | C41: Project Organisation and Resource
B42: 1.2 | C42: Scope of Works
B43: 1.3 | C43: Project Timescale
A45: 2.0 | C45: OBJECTIVES
A47: 3.0 | C47: LEGAL AND CONTRACTUAL ENVIRONMENT
A49: 4.0 | C49: COMMUNICATION AND CONSULTATION
B50: 4.1 | C50: Liaison with Client and Designers
B51: 4.2 | C51: Regulatory Agencies
B52: 4.3 | C52: Public Relations
A54: 5.0 | C54: CONSENTS PERMITS AND LICENCES
A56: 6.0 | C56: ENVIRONMENTAL RISKS AND MITIGATION
A58: 7.0 | C58: MANAGEMENT CONTROLS
B59: 7.1 | C59: Incident Reporting and Investigation
B60: 7.2 | C60: Communication and Consultation
B61: 7.3 | C61: Ecology
B62: 7.4 | C62: Hazardous Materials incorporating COSHH
B63: 7.5 | C63: Housekeeping and Safe Access
B64: 7.6 | C64: Land Use Management
B65: 7.7 | C65: Nuisance Management
B66: 7.8 | C66: Resource Management
B67: 7.9 | C67: Waste Management
B68: 7.1 | C68: Water Management
B69: 7.11 | C69: Storage
B70: 7.12 | C70: Fuelling
B71: 7.13 | C71: Site Security
A73: 8.0 | C73: EMERGENCY PREPAREDNESS AND RESPONSE
B74: 8.1 | C74: Arrangements for Reporting Significant Environmental Incidents
B75: 8.2 | C75: Arrangements for Reporting Minor Environmental Incidents
A76: 9.0 | C76: MONITORING AND MEASURING PERFORMANCE
A78: 10.0 | C78: ENERGY MANAGEMENT (EM)
A80: 11.0 | C80: TRAINING, AWARENESS AND COMPETENCY
A82: 12.0 | C82: RECORD REFERENCING MATRIX
A84: 13.0 | C84: FURTHER GUIDANCE
A85: Explanatory Notes:-
A86: In this template Plan, guidance and sample content is included where deemed necessary. This is indicated by the inclusion of yellow boxes with text in brackets { }. On completing this plan all sample and guidance text should be deleted or overwritten as required.
A88: Introduction CEMP
A89: (a) Jones Bros operates a Business Management System (BMS) accredited to ISO14001 Environmental Management and ISO50001 Energy Management. All works conducted on this site are conducted in accordance with the processes contained within the BMS.
A90: (b) This plan is mandated as part of the Jones Bros BMS and is therefore required to be in place and kept up to date through the project.
A91: (c) This Construction Environmental Management Plan (CEMP) has been developed to identify and manage the environmental risks associated with this project and is a fundamental requirement of the Jones Bros BMS.
A92: (d) Jones Bros recognises the Environmental benefits of improved environmental performance as: - i) Reduced damage to our natural environment; ii) Reduced demand for natural resources and iii) Reduced disturbance to our neighbours.
A93: (e) The company also recognises the economic benefits of improved environmental performance and recognises that, “Preventing pollution is cheaper than curing it”.
A94: (f) We aim to reduce the provision of generic information and to only provide in this Plan and all other associated plans project specific information that should help with the communication and risk management of this project. Other non-project specific information referenced in this plan will be clearly identified with the location where it is available. If there is a need to review these documents they will be provided on request.
A96: Explanatory Notes:-
A97: The following information has been included here to emphasise its environmental importance. It is repeated in specific Method Statements elsewhere where relevant. This document may also refer to specific Method Statements where further details may be found and the appropriate reference should be made.
A99: SECTION 1 CEMP | D99: PROJECT DETAILS
A101: 1.1) Project Organisation and Resource CEMP
A102: (a) Agreed responsibilities for key roles are outlined in the BMS. Specific duties and responsibilities are also identified in associated plans and process maps held in the Jones Bros BMS and where appropriate referenced throughout this plan.
A103: (b) Specific Project Environmental Responsibilities for this project have been defined and are allocated in accordance with the Project Appointment Process
A104: PFC033 - Project Start UP & Commercial Review(S)
A105: Appointments are documented on the Project Appointment Matrix and relevant specialist appointment letters.
A106: (c) A copy of the appointments is displayed on the project notice board and it shall be signed by all persons who have been allocated specific responsibilities on this project.
A107: (d) Appointments will be reviewed and updated throughout the project, reflecting any changes or movement in the project as required. Changes in appointments will be administered through and recorded in this Project plan workbook_FM_000).
A109: Role | C109: Name | E109: Company | G109: Address | I109: E-mail | J109: Telephone
A110: Client | C110: =PMP!C97 -> {insert name} | E110: =PMP!F97 -> The North and Mid Wales Trunk Road Agent (NMWTRA) | G110: =PMP!H97 -> Insert Address | I110: =PMP!J97 -> {insert email} | J110: =PMP!K97 -> {insert tel no.}
A111: Client Contract Admin | C111: =PMP!C98 -> {insert name} | E111: =PMP!F98 -> {insert company} | G111: =PMP!H98 -> {insert address} | I111: =PMP!J98 -> {insert email} | J111: =PMP!K98 -> {insert tel no.}
A112: Principal Designer | C112: =PMP!C104 -> (Insert name) | E112: =PMP!F104 -> Insert Company Name | G112: =PMP!H104 -> Insert Address | I112: =PMP!J104 -> {insert email} | J112: =PMP!K104 -> {insert tel no.}
A113: Designer | C113: =PMP!C105 -> (Insert name) | E113: =PMP!F105 -> Insert Company Name | G113: =PMP!H105 -> Insert Address | I113: =PMP!J105 -> {insert email} | J113: =PMP!K105 -> {insert tel no.}
A114: Director | C114: =PMP!C110 -> Hefin Lloyd-Davies | E114: =PMP!F110 -> Jones Bros. Ruthin (Civil Engineering) Co. Ltd | G114: =PMP!H110 -> Jones Bros. Ruthin (Civil Engineering) Co. Ltd Ty Glyn, Canol Y Dre, Ruthin, Denbighshire LL15 1QW | I114: =PMP!J110 -> hefin@jones-bros.com | J114: =PMP!K110 -> 07887 722560
A115: Contracts Manager | C115: =PMP!C111 -> Daniel Robat Williams | E115: =PMP!F111 -> Jones Bros. Ruthin (Civil Engineering) Co. Ltd | G115: =PMP!H111 -> Jones Bros. Ruthin (Civil Engineering) Co. Ltd Ty Glyn, Canol Y Dre, Ruthin, Denbighshire LL15 1QW | I115: =PMP!J111 -> robat@jones-bros.com | J115: =PMP!K111 -> 07787 100752
A116: Project Manager | C116: =PMP!C112 -> (Insert name) | E116: =PMP!F112 -> Jones Bros. Ruthin (Civil Engineering) Co. Ltd | G116: =PMP!H112 -> Jones Bros. Ruthin (Civil Engineering) Co. Ltd Ty Glyn, Canol Y Dre, Ruthin, Denbighshire LL15 1QW | I116: =PMP!J112 -> {insert email} | J116: =PMP!K112 -> {insert tel no.}
A117: Works Manager | C117: =PMP!C115 -> (Insert name) | E117: =PMP!F115 -> Jones Bros. Ruthin (Civil Engineering) Co. Ltd | G117: =PMP!H115 -> Jones Bros. Ruthin (Civil Engineering) Co. Ltd Ty Glyn, Canol Y Dre, Ruthin, Denbighshire LL15 1QW | I117: =PMP!J115 -> {insert email} | J117: =PMP!K115 -> {insert tel no.}
A118: Environment Manager | C118: =PMP!C125 -> Sam Higgitt | E118: =PMP!F125 -> Jones Bros. Ruthin (Civil Engineering) Co. Ltd | G118: =PMP!H125 -> Jones Bros. Ruthin (Civil Engineering) Co. Ltd Ty Glyn, Canol Y Dre, Ruthin, Denbighshire LL15 1QW | I118: =PMP!J125 -> samh@jones-bros.com | J118: =PMP!K125 -> 07766 747133
A119: CSR Co-ordinator | C119: =PMP!C139 -> (Insert name) | E119: =PMP!F139 -> Jones Bros. Ruthin (Civil Engineering) Co. Ltd | G119: =PMP!H139 -> Jones Bros. Ruthin (Civil Engineering) Co. Ltd Ty Glyn, Canol Y Dre, Ruthin, Denbighshire LL15 1QW | I119: =PMP!J139 -> {insert email} | J119: =PMP!K139 -> {insert tel no.}
A122: 1.2) Scope of Works CEMP
A123: =PMP!A159:K159 -> The A494 River Dee Bridge Deck Over-Slabbing Contingency Scheme is a major maintenance intervention that involves the replacement of the existing road surface with a new reinforced concrete over-slab and combined waterproof and wearing membrane. The works will be contained within the existing footprint of the bridges surface structure and above the existing concrete deck slab. Below deck debris netting will be installed and the top 75mm of the bridge deck, existing kerbs and movement joints removed and disposed off-site. Concrete deck repairs will be carried out and new structural mesh will also be installed across the entire bridge deck. The combined waterproof and wearing membrane shall also be applied to the hard verge and central reserve.
A126: 1.3) Project Timescale CEMP
A127: Contract Award Date | D127: =PMP!E164 -> {dd/mm/yyyy} | F127: Commissioning Start | I127: =PMP!J164 -> {dd/mm/yyyy}
A128: Contract Commencement Date | D128: =PMP!E165 -> {dd/mm/yyyy} | F128: Practical Completion | I128: =PMP!J165 -> {dd/mm/yyyy}
A129: Contract Period | D129: =PMP!E166 -> {xx weeks} | F129: Take Over Certificate | I129: =PMP!J166 -> {dd/mm/yyyy}
A130: Site Start Date | D130: =PMP!E167 -> {dd/mm/yyyy} | F130: Planned Contract Completion | I130: =PMP!J167 -> {dd/mm/yyyy}
A132: SECTION 2 CEMP | D132: OBJECTIVES
A133: (a) The Site Management Team has considered the identified project environmental risks and defined the following environmentally related objectives and targets.
A134: No. | B134: Objective | F134: Target | H134: Responsibility | J134: Completion Date
A135: 1
A136: 2
A137: 3
A138: 4
A139: 5
...

Sheet CHAP
A4: COMMISSIONING, HANDOVER AND AFTERCARE PLAN (CHAP)
A6: Project Name: | C6: =PMP!C6:K6 -> A494 River Dee Bridge Deck over-slabbing Contingency Scheme
A7: Project Number: | C7: =PMP!C7:K7 -> 21-NM-CHR-003
A8: Project Details
A9: Project Description: | D9: =PMP!D9:K9 -> The North and Mid Wales Trunk Road Agent (NMWTRA) have commissioned a project to develop a major maintenance intervention should a critical defect be identified within the A494 River Dee Bridge structure and enable this to be implemented with minimal impact on traffic conditions. The proposed design intervention comprises of removing a depth of existing road surfacing and replacing with a new thin reinforced concrete over-slab with combined waterproof and wearing membrane (hence forth referred to as the ‘over-slabbing works’). Enabling works are required to parts of the central reserve and to the Riverside Way Junction to facilitate contraflow traffic management arrangements during construction. The enabling works consist of construction 2Nr crossovers through the central reserve west of the existing bridge and works to widen the Riverside Way Junction.
A10: Project Location: | D10: =PMP!D11:K11 -> Enter your project location here
A12: Plan Approvals
A13: Written by: | C13: Name: | D13: =PMP!D14 -> 0 | G13: Signature: | H13: =PMP!H14 -> 0 | J13: Date: | K13: =PMP!K14 -> 0
A14: Approved by: | C14: Name: | D14: =PMP!D15 -> 0 | G14: Signature: | H14: =PMP!H15 -> 0 | J14: Date: | K14: =PMP!K15 -> 0
A16: Explanatory Notes:-
A17: Origination: Tender phase origination resides with the Project Manager. Construction Phase update will be the responsibility of the Site Manager.
A18: Approval: Tender phase approval resides with the Contracts Manager or Regional Director. Construction Phase approval will be the responsibility of the Project Manager.
A19: Revision: The plan will be revised to reflect changes that have been made to the product, project or contract, work practices, service provision or Quality Assurance procedures. Where changes are made to the plan an assessment of the impacts of the changes will be carried out and recorded in the Version Control section below.
A21: Version Control
A22: Description of changes | E22: Date | F22: Revision | G22: Page No. | H22: Comments
A30: Explanatory Notes:-
A31: This Plan will be added to, reviewed and updated as the project develops, further design work is completed, information from subcontractors starting work becomes available, unforeseen circumstances or variations to planned circumstances arise or where the operations management team deem it necessary.
A32: If sections are deemed not applicable DO NOT DELETE. Replace text with "not applicable on this project".
A34: CONTENT
A36: Section Ref | C36: Content | J36: Comments
C37: Introduction
A39: 1.0 | C39: Project Information and Scope
B40: 1.1 | C40: Scope of Works
B41: 1.2 | C41: Project Timescale
B42: 1.3 | C42: Call-out Process
A44: 2.0 | C44: Organisation and Responsibilities
B45: 2.1 | C45: Roles and Responsibilities
B46: 2.2 | C46: Commissioning, Handover and Aftercare Responsibilities
B47: 2.3 | C47: Reporting
A49: 3.0 | C49: Co-ordination of Installation and Commissioning
A51: 4.0 | C51: Commissioning Scope
B52: 4.1 | C52: Process Units (Turnover Packages)
B53: 4.2 | C53: Supporting Services
B54: 4.3 | C54: Interfaces
B55: 4.4 | C55: Programme
A57: 5.0 | C57: Design Performance
B58: 5.1 | C58: Design Considerations
B59: 5.2 | C59: Performance Criteria
A61: 6.0 | C61: Risk Management
B62: 6.1 | C62: Commissioning Activities
B63: 6.2 | C63: Risk Assessment
A65: 7.0 | C65: Pre-commissining Requirements
B66: 7.1 | C66: Off Site
B67: 7.2 | C67: On Site
B68: 7.3 | C68: Health and Safety Considerations
A70: 8.0 | C70: As-Built Information
A72: 9.0 | C72: Defects Management
A74: 10.0 | C74: Restrictions and Constraints
A76: 11.0 | C76: Testing and Demonstration
A78: 12.0 | C78: Training
A80: 13.0 | C80: Handover Process
A82: 14.0 | C82: Aftercare Arrangements
A84: 15.0 | C84: Record Referencing Matrix
A86: 16.0 | C86: Further Guidance
A88: Explanatory Notes:-
A89: In this template Plan, guidance and sample content is included where deemed necessary. This is indicated by the inclusion of yellow boxes with text in brackets { }. On completing this plan all sample and guidance text should be deleted or overwritten as required.
A91: Introduction CHAP
A92: (a) This Plan is a ‘stand alone’ document that is developed as part of an integrated and consistent set of plans – project management, design, CSR, health and safety and environment- Its purpose is to set the commissioning, handover and aftercare strategy with respect to roles and responsibilities and to review the solution from a commissioning perspective, and outline how we intend to commission the solution safely.
A93: (b) This plan is mandated on all projects as part of the Jones Bros BMS and is therefore required to be in place and kept up to date throughout the project.
A94: (c) The objectives of this plan are: i) To set the commissioning strategy with respect to roles and responsibilities; ii) To review the project from a commissioning perspective and describe how it is intended to commission the project; iii) To demonstrate in broad terms that the solution can be commissioned safely and efficiently; iv) To identify additional project specific information required to successfully plan commissioning; v) To identify key issues, risks and mitigating measures.
A95: (d) In developing this plan consideration should be given to: i) Existing operational (or other) constraints including shutdown periods and/or tolerable reduced treatment capacities; ii) Key interface issues; iii) Qualities, sources, storage and disposal/discharge of chemicals, raw materials (water) and/or other provision of other apparatus required to commission the plant; iv) The required documents that need to be available as a prerequisite to commissioning (O&M manuals, DSEAR certificates etc.); v) A broad start-up process; vi) The types of tests to be conducted – off site, completion, take-over and performance, including pass/fail criteria; vii) Measurements of the effectiveness of the treatment processes (as appropriate); viii) The outline timescales required; ix) The provision of facilities to enable commissioning e.g. sampling points, by-passes, flow, pressure, temperature and other measurements, cross-connections, ventilation points, drain points and dummy loads.
A96: (e) We aim to reduce the provision of generic information and to only provide in this Plan project specific paperwork that should help with the communication and risk management of this project. Other non-project specific information referenced in this plan will be clearly identified with the location where it is available. If there is a need to review these documents they will be provided on request.
A97: (f) This plan is a live document and will be updated throughout the project.
A98: SECTION 1 CHAP | E98: PROJECT INFORMATION AND SCOPE
A100: 1.1) Scope of Works CHAP
A101: =PMP!A159:K159 -> The A494 River Dee Bridge Deck Over-Slabbing Contingency Scheme is a major maintenance intervention that involves the replacement of the existing road surface with a new reinforced concrete over-slab and combined waterproof and wearing membrane. The works will be contained within the existing footprint of the bridges surface structure and above the existing concrete deck slab. Below deck debris netting will be installed and the top 75mm of the bridge deck, existing kerbs and movement joints removed and disposed off-site. Concrete deck repairs will be carried out and new structural mesh will also be installed across the entire bridge deck. The combined waterproof and wearing membrane shall also be applied to the hard verge and central reserve.
A103: 1.2) Project Timescale CHAP
A104: Contract Award Date | E104: =PMP!E164 -> {dd/mm/yyyy} | G104: Commissioning Start | J104: =PMP!J164 -> {dd/mm/yyyy}
A105: Contract Commencement Date | E105: =PMP!E165 -> {dd/mm/yyyy} | G105: Practical Completion | J105: =PMP!J165 -> {dd/mm/yyyy}
A106: Contract Period | E106: =PMP!E166 -> {xx weeks} | G106: Take Over Certificate | J106: =PMP!J166 -> {dd/mm/yyyy}
A107: Site Start Date | E107: =PMP!E167 -> {dd/mm/yyyy} | G107: Planned Contract Completion | J107: =PMP!J167 -> {dd/mm/yyyy}
A109: 1.3) Call-out Process
A110: {Detail the obligations placed upon Jones Bros to provide out-of-hours response or response to warranty issues when the project is handed over. Include information around how we will respond to problems if we have to provide cover when Jones Bros staff are not on site; how alarms are managed and who the call centre contacts, for example, are we the first response?; details of who is on call with contact numbers; arrangements for entering site out-of-hours, keys, alarm codes, security company contact details, etc.; lone working arrangements, call-in procedures etc. Consider the need for a stand alone protocol that can be produced and issued, as appropriate, to those that need the information.}
A111: SECTION 2 CHAP | E111: ORGANISATION AND RESPONSIBLITIES
A113: 2.1) Roles and Responsibilities CHAP
A114: (a) Agreed responsibilities for key roles are outlined in the BMS Manual. Specific duties and responsibilities are also identified and associated plans and process maps held in the Jones Bros BMS and where appropriate referenced throughout this plan.
A115: (b) Specific Project HSEQ Responsibilities for this project have been defined and are allocated in accordance with the Project Appointment Matrix and relevant specialist appointment letters.
A116: {PROJECT ROLES & RESPONSIBILITES}.
A117: (c) Included below is a listing of project team members involved in the handover, commissioning and aftercare phase of this project.
A118: (d) An organisation structure, identifying interfaces with other organisations, has been drafted and is appended to this plan.
A119: Role | C119: Name | F119: Company | H119: Address | J119: E-mail | K119: Telephone
A120: =PMP!A97 -> Client | C120: =PMP!C97 -> {insert name} | F120: =PMP!F97 -> The North and Mid Wales Trunk Road Agent (NMWTRA) | H120: =PMP!H97 -> Insert Address | J120: =PMP!J97 -> {insert email} | K120: =PMP!K97 -> {insert tel no.}
A121: =PMP!A98 -> Client Contract Admin | C121: =PMP!C98 -> {insert name} | F121: =PMP!F98 -> {insert company} | H121: =PMP!H98 -> {insert address} | J121: =PMP!J98 -> {insert email} | K121: =PMP!K98 -> {insert tel no.}
A122: =PMP!A99 -> Principal Contractor | C122: =PMP!C99 -> Jones Bros | F122: =PMP!F99 -> Jones Bros. Ruthin (Civil Engineering) Co. Ltd | H122: =PMP!H99 -> Jones Bros. Ruthin (Civil Engineering) Co. Ltd Ty Glyn, Canol Y Dre, Ruthin, Denbighshire LL15 1QW | J122: =PMP!J99 -> {insert email} | K122: =PMP!K99 -> {insert tel no.}
A123: =PMP!A100 -> Workforce Planning Manager | C123: =PMP!C100 -> Alan Manuel | F123: =PMP!F100 -> Jones Bros. Ruthin (Civil Engineering) Co. Ltd | H123: =PMP!H100 -> Jones Bros. Ruthin (Civil Engineering) Co. Ltd Ty Glyn, Canol Y Dre, Ruthin, Denbighshire LL15 1QW | J123: =PMP!J100 -> alan.manuel@jones-bros.com | K123: =PMP!K100 -> 07384834594
A124: =PMP!A101 -> IT Infrastructure Section Manager | C124: =PMP!C101 -> Gerallt Ellis | F124: =PMP!F101 -> Jones Bros. Ruthin (Civil Engineering) Co. Ltd | H124: =PMP!H101 -> Jones Bros. Ruthin (Civil Engineering) Co. Ltd Ty Glyn, Canol Y Dre, Ruthin, Denbighshire LL15 1QW | J124: =PMP!J101 -> gerallt@jones-bros.com | K124: =PMP!K101 -> 07584 705103
A125: =PMP!A103 -> Jones Bros Internal Auditor | C125: =PMP!C103 -> Ellis Ashton | F125: =PMP!F103 -> Jones Bros. Ruthin (Civil Engineering) Co. Ltd | H125: =PMP!H103 -> Jones Bros. Ruthin (Civil Engineering) Co. Ltd Ty Glyn, Canol Y Dre, Ruthin, Denbighshire LL15 1QW | J125: =PMP!J103 -> ellisa@jones-bros.com | K125: =PMP!K103 -> 07384 835329
A126: =PMP!A104 -> Principal Designer | C126: =PMP!C104 -> (Insert name) | F126: =PMP!F104 -> Insert Company Name | H126: =PMP!H104 -> Insert Address | J126: =PMP!J104 -> {insert email} | K126: =PMP!K104 -> {insert tel no.}
A127: =PMP!A105 -> Designer | C127: =PMP!C105 -> (Insert name) | F127: =PMP!F105 -> Insert Company Name | H127: =PMP!H105 -> Insert Address | J127: =PMP!J105 -> {insert email} | K127: =PMP!K105 -> {insert tel no.}
A128: =PMP!A106 -> Architect | C128: =PMP!C106 -> {insert name} | F128: =PMP!F106 -> {insert company} | H128: =PMP!H106 -> {insert address} | J128: =PMP!J106 -> {insert email} | K128: =PMP!K106 -> {insert tel no.}
A129: =PMP!A107 -> Structural Engineer | C129: =PMP!C107 -> {insert name} | F129: =PMP!F107 -> {insert company} | H129: =PMP!H107 -> {insert address} | J129: =PMP!J107 -> {insert email} | K129: =PMP!K107 -> {insert tel no.}
A130: =PMP!A108 -> Mechanical Consultant | C130: =PMP!C108 -> {insert name} | F130: =PMP!F108 -> {insert company} | H130: =PMP!H108 -> {insert address} | J130: =PMP!J108 -> {insert email} | K130: =PMP!K108 -> {insert tel no.}
A131: =PMP!A109 -> Electrical Consultant | C131: =PMP!C109 -> (Insert name) | F131: =PMP!F109 -> Insert Company Name | H131: =PMP!H109 -> Insert Address | J131: =PMP!J109 -> {insert email} | K131: =PMP!K109 -> {insert tel no.}
A132: =PMP!A110 -> Contract Director | C132: =PMP!C110 -> Hefin Lloyd-Davies | F132: =PMP!F110 -> Jones Bros. Ruthin (Civil Engineering) Co. Ltd | H132: =PMP!H110 -> Jones Bros. Ruthin (Civil Engineering) Co. Ltd Ty Glyn, Canol Y Dre, Ruthin, Denbighshire LL15 1QW | J132: =PMP!J110 -> hefin@jones-bros.com | K132: =PMP!K110 -> 07887 722560
A133: =PMP!A111 -> Contracts Manager | C133: =PMP!C111 -> Daniel Robat Williams | F133: =PMP!F111 -> Jones Bros. Ruthin (Civil Engineering) Co. Ltd | H133: =PMP!H111 -> Jones Bros. Ruthin (Civil Engineering) Co. Ltd Ty Glyn, Canol Y Dre, Ruthin, Denbighshire LL15 1QW | J133: =PMP!J111 -> robat@jones-bros.com | K133: =PMP!K111 -> 07787 100752
A134: =PMP!A112 -> Project Manager | C134: =PMP!C112 -> (Insert name) | F134: =PMP!F112 -> Jones Bros. Ruthin (Civil Engineering) Co. Ltd | H134: =PMP!H112 -> Jones Bros. Ruthin (Civil Engineering) Co. Ltd Ty Glyn, Canol Y Dre, Ruthin, Denbighshire LL15 1QW | J134: =PMP!J112 -> {insert email} | K134: =PMP!K112 -> {insert tel no.}
A135: =PMP!A113 -> Site Agent | C135: =PMP!C113 -> (Insert name) | F135: =PMP!F113 -> Jones Bros. Ruthin (Civil Engineering) Co. Ltd | H135: =PMP!H113 -> Jones Bros. Ruthin (Civil Engineering) Co. Ltd Ty Glyn, Canol Y Dre, Ruthin, Denbighshire LL15 1QW | J135: =PMP!J113 -> {insert email} | K135: =PMP!K113 -> {insert tel no.}
A136: =PMP!A114 -> Senior Works Manager | C136: =PMP!C114 -> (Insert name) | F136: =PMP!F114 -> Jones Bros. Ruthin (Civil Engineering) Co. Ltd | H136: =PMP!H114 -> Jones Bros. Ruthin (Civil Engineering) Co. Ltd Ty Glyn, Canol Y Dre, Ruthin, Denbighshire LL15 1QW | J136: =PMP!J114 -> {insert email} | K136: =PMP!K114 -> {insert tel no.}
... A148: =PMP!A126 -> Design Manager | C148: =PMP!C126 -> Dylan Parry | F148: =PMP!F126 -> Jones Bros. Ruthin (Civil Engineering) Co. Ltd | H148: =PMP!H126 -> Jones Bros. Ruthin (Civil Engineering) Co. Ltd Ty Glyn, Canol Y Dre, Ruthin, Denbighshire LL15 1QW | J148: =PMP!J126 -> dylan.parry@jones-bros.com | K148: =PMP!K126 -> 07918 797076
A149: =PMP!A129 -> Temporary Works Co-ordinator | C149: =PMP!C129 -> (Insert name) | F149: =PMP!F129 -> Jones Bros. Ruthin (Civil Engineering) Co. Ltd | H149: =PMP!H129 -> Jones Bros. Ruthin (Civil Engineering) Co. Ltd Ty Glyn, Canol Y Dre, Ruthin, Denbighshire LL15 1QW | J149: =PMP!J129 -> {insert email} | K149: =PMP!K129 -> {insert tel no.}
...

Sheet TMP
A4: TRAFFIC MANAGEMENT PLAN (TMP)
A6: Project Name: | C6: =PMP!C6:K6 -> A494 River Dee Bridge Deck over-slabbing Contingency Scheme
A7: Project Number: | C7: =PMP!C7:K7 -> 21-NM-CHR-003
A8: Project Details
A9: Project Description: | D9: =PMP!D9:K9 -> The North and Mid Wales Trunk Road Agent (NMWTRA) have commissioned a project to develop a major maintenance intervention should a critical defect be identified within the A494 River Dee Bridge structure and enable this to be implemented with minimal impact on traffic conditions. The proposed design intervention comprises of removing a depth of existing road surfacing and replacing with a new thin reinforced concrete over-slab with combined waterproof and wearing membrane (hence forth referred to as the ‘over-slabbing works’). Enabling works are required to parts of the central reserve and to the Riverside Way Junction to facilitate contraflow traffic management arrangements during construction. The enabling works consist of construction 2Nr crossovers through the central reserve west of the existing bridge and works to widen the Riverside Way Junction.
A11: Project Location: | D11: =PMP!D11:K11 -> Enter your project location here
A13: Plan Approvals
A14: Written by: | C14: Name: | D14: =PMP!D14 -> 0 | G14: Signature: | H14: =PMP!H14 -> 0 | J14: Date: | K14: =PMP!K14 -> 0
A15: Approved by: | C15: Name: | D15: =PMP!D15 -> 0 | G15: Signature: | H15: =PMP!H15 -> 0 | J15: Date: | K15: =PMP!K15 -> 0
A17: Explanatory Notes:-
A18: Origination: Tender phase origination resides with the Project Manager. Construction Phase update will be the responsibility of the Site Manager.
A19: Approval: Tender phase approval resides with the Contracts Manager or Regional Director. Construction Phase approval will be the responsibility of the Project Manager.
A20: Revision: The plan will be revised to reflect changes that have been made to the product, project or contract, work practices, service provision or Quality Assurance procedures. Where changes are made to the plan an assessment of the impacts of the changes will be carried out and recorded in the Version Control section below.
A22: Version Control
A23: Description of changes | E23: Date | F23: Revision | G23: Page No. | H23: Comments
A31: Explanatory Notes:-
A32: This Project Management Plan will be added to, reviewed and updated as the project develops, further design work is completed, information from subcontractors starting work becomes available, unforeseen circumstances or variations to planned circumstances arise or where the operations management team deem it is necessary.
A33: If sections are deemed not applicable DO NOT DELETE. Replace text with not applicable on this project.
A35: CONTENT
A37: Section Ref | C37: Content | J37: Comments
C38: Introduction
A40: 1.0 | C40: SCHEME PROPOSAL
B41: 1.1 | C41: Responsibilities
B42: 1.2 | C42: Scope of works
B43: 1.3 | C43: Proposal
A45: 2.0 | C45: DISPLAY/COMMUNICATION OF INFORMATION
A46: 2d,e,f | C46: Traffic Management Drawings, Plans, Photos
A48: 3.0 | C48: SPEED LIMITS
A50: 4.0 | C50: RE-FUELLING
A52: 5.0 | C52: DELIVERIES
A54: 6.0 | C54: INTERNAL TRAFFIC HAZARDS
A56: 7.0 | C56: PEDESTRIAN TRAFFIC
A58: 8.0 | C58: PUBLIC INTERFACE
A60: 9.0 | C60: EMERGENCY ARRANGEMENTS
A62: 10.0 | C62: HIGHWAYS TEMPORARY TRAFFIC MANAGEMENT
A64: 11.0 | C64: RECORD REFERENCING MATRIX
A66: 12.0 | C66: FURTHER GUIDANCE
A67: Explanatory Notes:-
A68: in this template Plan, guidance and sample content is included where deemed necessary. This is indicated by the inclusion of yellow boxes with text in brackets { }. On completing this plan all sample and guidance text should be deleted or overwritten as required.
A70: Introduction TMP
A72: (a) This Traffic Management Plan (TMP) is a controlled document that outlines the arrangements Jones Bros propose to implement on this project. It sets out the project specific arrangements to control and manage the hazards and risks involved with the movement of construction plant and delivery vehicles around the site, the interface between site plant, vehicles and pedestrians.
A74: SECTION 1 TMP | E74: SCHEME PROPOSAL
A76: 1.1) Responsibilities TMP
A77: (a) Agreed responsibilities for key roles are outlined in the BMS Manual. Specific duties and responsibilities are also identified in associated plans and process maps held in the Jones Bros BMS and, where appropriate, referenced through this plan.
A78: (b) A copy of the appointments is displayed on the project’s health and safety notice board and in the Project Appointment Matrix of this document:
A79: {PROJECT ROLES & RESPONSIBILITES}.
A80: (c) Specific responsibilities for this project have been defined and are allocated in this document and in the and in relevant specialist letters as appropriate.
A81: {PROJECT ROLES & RESPONSIBILITES}.
A82: (d) All appointments on the matrix and standalone specialist letters are signed by the respective individuals which is deemed as acceptance and understanding of the responsibilities therein.
A83: (e) Appointments will be reviewed and updated throughout the project, reflecting any changes or movement in the project as required. Changes in appointments will be administered through a Project Appointment Addendum form (CON_FM_000).
A84: Role | C84: Name | F84: Company | H84: Address | J84: E-mail | K84: Telephone
A85: Client | C85: =PMP!C97 -> {insert name} | F85: =PMP!F97 -> The North and Mid Wales Trunk Road Agent (NMWTRA) | H85: =PMP!H97 -> Insert Address | J85: =PMP!J97 -> {insert email} | K85: =PMP!K97 -> {insert tel no.}
A86: Project Manager | C86: =PMP!C112 -> (Insert name) | F86: =PMP!F112 -> Jones Bros. Ruthin (Civil Engineering) Co. Ltd | H86: =PMP!H114 -> Jones Bros. Ruthin (Civil Engineering) Co. Ltd Ty Glyn, Canol Y Dre, Ruthin, Denbighshire LL15 1QW | J86: =PMP!J112 -> {insert email} | K86: =PMP!K112 -> {insert tel no.}
A87: Site Manager | C87: =PMP!C115 -> (Insert name) | F87: =PMP!F115 -> Jones Bros. Ruthin (Civil Engineering) Co. Ltd | H87: =PMP!H115 -> Jones Bros. Ruthin (Civil Engineering) Co. Ltd Ty Glyn, Canol Y Dre, Ruthin, Denbighshire LL15 1QW | J87: =PMP!J115 -> {insert email} | K87: =PMP!K115 -> {insert tel no.}
A88: Traffic Management Coordinator | C88: =PMP!C150 -> (Insert name) | F88: =PMP!F150 -> Jones Bros. Ruthin (Civil Engineering) Co. Ltd | H88: =PMP!H150 -> Jones Bros. Ruthin (Civil Engineering) Co. Ltd Ty Glyn, Canol Y Dre, Ruthin, Denbighshire LL15 1QW | J88: =PMP!J150 -> {insert email} | K88: =PMP!K150 -> {insert tel no.}
A89: Traffic Management Supervisor | C89: =PMP!C151 -> (Insert name) | F89: =PMP!F151 -> Jones Bros. Ruthin (Civil Engineering) Co. Ltd | H89: =PMP!H151 -> Jones Bros. Ruthin (Civil Engineering) Co. Ltd Ty Glyn, Canol Y Dre, Ruthin, Denbighshire LL15 1QW | J89: =PMP!J151 -> {insert email} | K89: =PMP!K151 -> {insert tel no.}
A90: {insert additional}
A92: 1.2) Scope of Works TMP
A93: =PMP!A159 -> The A494 River Dee Bridge Deck Over-Slabbing Contingency Scheme is a major maintenance intervention that involves the replacement of the existing road surface with a new reinforced concrete over-slab and combined waterproof and wearing membrane. The works will be contained within the existing footprint of the bridges surface structure and above the existing concrete deck slab. Below deck debris netting will be installed and the top 75mm of the bridge deck, existing kerbs and movement joints removed and disposed off-site. Concrete deck repairs will be carried out and new structural mesh will also be installed across the entire bridge deck. The combined waterproof and wearing membrane shall also be applied to the hard verge and central reserve.
A96: 1.3) Proposal
A97: We propose to implement {insert information relating to traffic management} that will enable us to {insert benefits to the project, including health and safety improvements and additional information as needed}
A100: SECTION 2 TMP | E100: DISPLAY/COMMUNICATION OF INFORMATION | J100: PFC056 - Site Set Up and Maintenance - Health and Safety
A102: a) The arrangements for construction plant, vehicle and pedestrian management will be communicated through… {insert information}.
A104: (b) When further specific information needs to be communicated, additional tool box talks and notifications will be given to the relevant site personnel.
A105: (c) The TMP site layout drawing(s) will be displayed | E105: {insert location/ arrangements}
A106: (d) Site access (cars and vans): See example below Wind farm construction is expected to occur over an 18 -month period commencing in 2020. Phase 1F felling works and a degree of initial site mobilisation and works will be undertaken using the ‘Alternative Access’ onto the A70. Traffic during construction is expected to comprise the following: • Timber Extraction HGVs (Covered in Phase 1 Felling TMP (ARCUS)); • Staff and construction personnel cars/vans; • Construction equipment and materials by HGV; and • Wind turbine components by Abnormal Load Vehicle (ALV). Wind turbine components will be delivered to King George V Dock in Glasgow and will be transported overland to the site. Other materials and equipment will originate from a variety of locations but are expected to travel to the site via the M74 corridor. Access to site for vehicles will be along public roads. We are permitted to use the A70 Access for 8 months from project commencement until the Glespin Bridge has been fully constructed and we can gain access to site from the B7078 Access route. Both routes are single track with passing places from the access points shown on the drawing below. All staff and visitors travelling to site will be warned of the single track roads and advised to slow down when using these roads. Particular care is to be taken when travelling from the B7078 access along the Glentaggart Road as the road is currently used by residents and poses the risk of pedestrians, children and pets travelling this area on foot. During construction, vehicle movements will generally be restricted to between the hours of 07:00-19:00 on Monday to Friday and 07:00-16:00 on Saturday. In exceptional circumstances it may be necessary for vehicle movements to occur outside of the above times, however the Principal Contractor will avoid this occurrence as far as reasonably possible .
A109: (e) Site access - Compound Arrangement All site personnel will park at the main compound and will be transported up to the main work area in site vehicles must be 4x4 (see site access plan below). The compound will be set up in the area shown above. The compound will be secured using post and rail fencing, the fencing will be set back from the access track and water filled barriers will be used at the site entrance to minimise the risk of collision into the fencing and provide added visibility of segregation. Pedestrian segregation post and rail fencing will be implemented round the boundary of all cabins, providing safe access to each and segregating footways from traffic/parking. Any openings will have an additional post and rail fence at the entrance to the footpath to avoid slips/trips and falls into the parking areas. All site personnel and visitors should follow the reverse parking procedure and adequate signage will be displayed on the fencing to enforce this. When travelling in and around pedestrian areas such as the compound / borrow pit or other areas where work is being carried out by men on foot the PPIZ procedures should be followed. These procedures will be briefed to all at their site induction and displayed on site notice boards. Site traffic must also reduce their speed and proceed with extra caution when passing areas where pedestrians are on foot. Orange flashing beacons or hazard lights should be used by all site traffic. All plant should be fitted with a green beacon to inform if the seatbelt is being used. All plant operatives should be trained and competent and must wear their seatbelts at all times, checks will be carried out by site management at various points throughout the project to ensure seatbelts are being worn. A refuelling station will be cordoned off in one section of the compound to ensure that there is no other plant, vehicles or container units in the vicinity of the refuelling station. This is to avoid adding potential crush zones to the refuelling process and to keep everyone out of the refuelling area except the one trained and competent person carrying out the activity. A plant / fitters area will be constructed so that plant repairs can be undertaken in a cordoned off area on a concrete pad with a spill kit unit in the area.
A111: (f) Access to work area All site staff and visitors will park at the site compound. From there they will be taken to the work area using site vehicles (site foreman & engineers trucks). This should minimise the use of the public road for trips to and from the work area throughout the day. All plant will be kept on site overnight in the storage area, this will reduce the use of public roads for moving plant and machinery. All re-fuelling will be undertaken in at the work area in a designated refuelling area using a towable fuel bowser, this will eliminate the need for any item of plant to need to travel to the compound from the work area. g) Access to WTG foundation pours The only vehicles permitted on the crane pad during the concrete pours will be the 2x concrete pumps, concrete delivery wagons and the concrete testing technician. All other vehicles will be transported to the crane pad and dropped off / picked up. A one way system will be implemented and coned / barriered off. A banksman will be used when reversing wagons into position onto the concrete pump. Pedestrian segregation will be implemented on the access ramp to the base and a banksman will be used when transporting materials down the ramp.
A114: SECTION 3 TMP | E114: SPEED LIMITS
A116: a) The site speed limit for this project is | E116: 15mph
A117: (b) When within the compound, borrow pit, batching plant or any other area where pedestrians are working, vehicle speeds must be reduced and extra caution taken.
A119: SECTION 4 TMP | E119: RE-FUELLING | H119: PFC067 - Project Plant Equipment and Labour Planning Management
A121: a) All re-fuelling activities must be undertaken away from potential sources of ignition with all items of machinery switched off and only when items of plant have cooled down.
A122: b) The re-fuelling of vehicles, mobile plant and large static plant must only be undertaken at designated re-fuelling points utilising fixed installation or proprietary fuel bowsers with no pedestrians within the vicinity whilst the vehicles are being positioned for re-fuelling.
A123: c) A minimum safe working distance of 3m must be maintained from members of the general public when re-fuelling or decanting fuel.
A124: d) All re-fuelling duties must be undertaken in association with the use of drip trays and/or plant nappies.
A125: e) Where multiple re-fuelling locations are required on site, these must be specifically designated and segregated from normal site operations. Where this is not possible due to space restrictions, a mobile re-fuelling area must be designated utilising appropriate signage.
A126: f) Spill kits are to be made readily available and stored in designated locations alongside re-fuelling locations. Spill kit response procedures will be in accordance with the Pollution Control Plan.
A127: EN-f-015 - Pollution Control Plan
A128: g) All refuelling to be carried out in in accordance with an appropriate risk assessment and method statement.
A129: h) All tanks will be bunded by means of a double skin or placed within a bund capable of holding 110% of the maximum capacity of the tank.
A130: (i) {insert additional information with regards to refuelling as required}
A133: SECTION 5 TMP | E133: DELIVERIES | H133: PFC067 - Project Plant Equipment and Labour Planning Management
H134: HS-p-040 - Delivery Drivers Site Safety Procedures
H135: HS-p-042 - Plant & People Interface Zone
A136: (a) All deliveries to site will be co-ordinated | E136: {insert relevant delivery information}
A137: (b) Deliveries will only be accepted between the hours of | F137: {insert delivery permitted times}
A138: (c) Any vehicles used for routine delivery of materials to site where permitted shall be fitted with a reversing alarm and provisions for all round vision.
A139: (d) All reversing delivery vehicles must be under the control of a trained banksman, irrespective of alarms or visual aids fitted.
A140: (e) All delivery vehicles must activate warning beacons and/or hazard warning lights where fitted on site/ through site gates.
A141: (f) The prescribed delivery routes are as follows:
A144: SECTION 6 TMP | E144: INTERNAL TRAFFIC HAZARDS | I144: HS-p-037 - Site Traffic and Pedestrian Management
A146: (a) {insert site specific traffic hazards as appropriate and how these are to be managed}
A149: SECTION 7 TMP | E149: SITE PEDESTRIAN TRAFFIC | I149: HS-p-037 - Site Traffic and Pedestrian Management
A151: (a) The location of pedestrian routes are detailed | E151: {insert location}
A152: (b) Clear identifiable pedestrian walkways will be located | F152: {insert location}
A153: (c) The use of segregation methods including pedestrian barriers will be implemented to segregate site personnel from plant operations.
A154: (d) Priority is to be given to members of the public accessing or passing through. This will be briefed to all site operatives during the site induction and updated as part of the programme of daily briefings.
A155: (e) Information relating to alterations or deviations in pedestrian access routes for site personnel will be clearly signposted and briefed during the induction and updated as part of the programme of daily briefings.
A157: SECTION 8 TMP | E157: PUBLIC INTERFACE | H157: HS-p-037 - Site Traffic and Pedestrian Management
...

Sheet Quality Test & Inspection Plan
A2: Setting Up a Project Inspection Plan [PIP]: (Template).
A3: Reference | D3: QMP000 | Z3: 43586
A4: PROJECT NAME: | J4: PROJECT REFERENCE:
A6: PREPARED BY: | J6: DATE:
A8: Does your Project need to include any of the following activities? | B8: Preliminaries Custom Form Category 008 | D8: Site Clearance Custom Form Category 009 | F8: Fencing Custom Form Category 010 | H8: Vehicle Restraint Systems Custom Form Category 011 | J8: Drainage (Pipework, Chambers & Gullies) Custom Form Category 012 | L8: Drainage ( Land Drains, Fin Drains, Narrow Filter Drains & Combi Drains) Custom Form Category 012 | N8: Drainage (Cleaning of Drainage Systems) Custom Form Category 012 | P8: Earthworks (Cuttings) Custom Form Category 013 | R8: Earthworks (Filling) Custom Form Category 013 | T8: Earthworks (Stabilisation) Custom Form Category 013 | V8: Road Pavements; General Custom Form Category 014 | X8: Road Pavements: Unbound, Custom Form Category 015 | Z8: Road Pavements: Cement & other Hydraulically Bound Custom Form Category 016 | AB8: Road Pavements; Bituminous Material Custom Form Category 017 | AD8: Pavements; Concrete Material Custom Form Category 018 | AF8: Kerbs Custom Form Category 019 | AH8: Footways and Paved Areas Custom Form Category 019 | AJ8: Traffic Signs; Signs, Foundations, Road Bollards & Marker Posts, Markings & Studs, Delineators Custom Form Category 020 | AL8: Traffic Signs; Danger Lamps, Beacons, Temporary Signs, Signals, Detector Loops, Crossings Custom Form Category 020 | AN8: Street Lighting Columns, Brackets, CCTV Masts, Custom Form Category 021 | AP8: Electrical Work for Road lighting and Traffic Signs, Custom Form Category 022 | AR8: Piling, Custom Form Category 023 | AT8: Embedded Retaining Walls, Custom Form Category 023 | AV8: Piling and Embedded Retaining Walls, Testing & Support Fluids Custom Form Category 023 | AX8: Structural Concrete Insitu Concrete Placement Custom Form Category 024 | AZ8: Structural Steelwork Custom Form Category 025 | BB8: Protection of Structural Steelwork Against Corrosion Custom Form Category 026 | BD8: Waterproofing of Concrete Structures Custom Form Category 027 | BF8: Bridge Expansion Joints & Sealing of Gaps Custom Form Category 028 | BH8: Brickwork, Blockwork & Masonry Custom Form Category 029 | BJ8: Special Structures Custom Form Category 030 | BL8: Miscellaneous Mortar Beds, Ancillary Concrete, No Fines Concrete & Granolithic Concrete Custom Form Category 031 | BN8: Miscellaneous Plastic Coatings to Fence & Gatework, Thermoplastic Node Markers Custom Form Category 031 | BP8: Landscape & Ecology Weed Control, Rabbit & Deer Control Custom Form Category 032 | BR8: Landscape & Ecology Ground Preparation, Grass Seeding & Planting Custom Form Category 032 | BT8: Landscape & Ecology Maintenance & Watering Custom Form Category 032 | BV8: Landscape & Ecology Management of Water Bodies & Special Measures Custom Form Category 032
B9: Yes: Include QMP100 | C9: No: No Further Action | D9: Yes: Include QMP200 | E9: No: No Further Action | F9: Yes: Include QMP300 | G9: No: No Further Action | H9: Yes: Include QMP400 | I9: No: No Further Action | J9: Yes: Include QMP500 | K9: No: No Further Action | L9: Yes: Include QMP501 | M9: No: No Further Action | N9: Yes: Include QMP502 | O9: No: No Further Action | P9: Yes: Include QMP600 | Q9: No: No Further Action | R9: Yes: Include QMP601 | S9: No: No Further Action | T9: Yes: Include QMP602 | U9: No: No Further Action | V9: Yes: Include QMP700 | W9: No: No Further Action | X9: Yes: Include QMP800 | Y9: No: No Further Action | Z9: Yes: Include QMP801 | AA9: No: No Further Action | AB9: Yes: Include QMP900 | AC9: No: No Further Action | AD9: Yes: Include QMP1000 | AE9: No: No Further Action | AF9: Yes: Include QMP1100 | AG9: No: No Further Action | AH9: Yes: Include QMP1101 | AI9: No: No Further Action | AJ9: Yes: Include QMP1200 | AK9: No: No Further Action | AL9: Yes: Include QMP1201 | AM9: No: No Further Action | AN9: Yes: Include QMP1300 | AO9: No: No Further Action | AP9: Yes: Include QMP1400 | AQ9: No: No Further Action | AR9: Yes: Include QMP1600 | AS9: No: No Further Action | AT9: Yes: Include QMP1601 | AU9: No: No Further Action | AV9: Yes: Include QMP1602 | AW9: No: No Further Action | AX9: Yes: Include QMP1700 | AY9: No: No Further Action | AZ9: Yes: Include QMP1800 | BA9: No: No Further Action | BB9: Yes: Include QMP1900 | BC9: No: No Further Action | BD9: Yes: Include QMP2000 | BE9: No: No Further Action | BF9: Yes: Include QMP2300 | BG9: No: No Further Action | BH9: Yes: Include QMP2400 | BI9: No: No Further Action | BJ9: Yes: Include QMP2500 | BK9: No: No Further Action | BL9: Yes: Include QMP2600 | BM9: No: No Further Action | BN9: Yes: Include QMP2600 | BO9: No: No Further Action | BP9: Yes: Include QMP3000 | BQ9: No: No Further Action | BR9: Yes: Include QMP3001 | BS9: No: No Further Action | BT9: Yes: Include QMP3002 | BU9: No: No Further Action | BV9: Yes: Include QMP3003 | BW9: No: No Further Action
A10: Quality Management Plan Link
A11: Insert Specification Link
A12: Review Quality Management Plan & Select Checklists Required for your Project; Checklists are all available on mobile devices. | B12: QA-a-101 | D12: QA-a-201 | F12: QA-a-301 | H12: QA-a-401 | J12: QA-a-501 | L12: QA-a-513 | N12: QA-a-523 | P12: QA-a-601 | R12: QA-a-601 | T12: QA-a-609 | V12: QA-a-701 | X12: QA-a-801 | Z12: QA-a-811 | AB12: QA-a-901 | AD12: QA-a-1001 | AF12: QA-a-1101 | AH12: QA-a-1107 | AJ12: QA-a-1201 | AL12: QA-a-1213 | AN12: QA-a-1301 | AP12: QA-a-1401 | AR12: QA-a-1601 | AT12: QA-a-1611 | AV12: QA-a-1621 | AX12: QA-a-1701 | AZ12: QA-a-1801 | BB12: QA-a-1901 | BD12: QA-a-2001 | BF12: QA-a-2301 | BH12: QA-a-2401 | BJ12: QA-a-2501 | BL12: QA-a-2601 | BN12: QA-a-2604 | BP12: QA-a-3001 | BR12: QA-a-3007 | BT12: QA-a-3020 | BV12: QA-a-3030
B13: QA-a-102 | D13: QA-a-202 | F13: QA-a-302 | H13: QA-a-402 | J13: QA-a-502 | L13: QA-a-514 | N13: QA-a-524 | P13: QA-a-603 | R13: QA-a-602 | T13: QA-a-610 | V13: QA-a-702 | X13: QA-a-802 | Z13: QA-a-812 | AB13: QA-a-902 | AD13: QA-a-1002 | AF13: QA-a-1102 | AH13: QA-a-1108 | AJ13: QA-a-1202 | AL13: QA-a-1214 | AN13: QA-a-1302 | AP13: QA-a-1402 | AR13: QA-a-1602 | AT13: QA-a-1612 | AV13: QA-a-1622 | AX13: QA-a-1702 | AZ13: QA-a-1802 | BB13: QA-a-1902 | BD13: QA-a-2002 | BF13: QA-a-2302 | BH13: QA-a-2402 | BJ13: QA-a-2502 | BL13: QA-a-2602 | BN13: QA-a-2605 | BP13: QA-a-3002 | BR13: QA-a-3008 | BT13: QA-a-3021 | BV13: QA-a-3031
B14: QA-a-103 | D14: QA-a-203 | F14: QA-a-303 | H14: QA-a-403 | J14: QA-a-503 | L14: QA-a-515 | N14: QA-a-525 | P14: QA-a-604 | R14: QA-a-605 | T14: QA-a-620 | V14: QA-a-703 | X14: QA-a-803 | Z14: QA-a-813 | AB14: QA-a-903 | AD14: QA-a-1003 | AF14: QA-a-1103 | AH14: QA-a-1109 | AJ14: QA-a-1203 | AL14: QA-a-1215 | AN14: QA-a-1303 | AP14: QA-a-1403 | AR14: QA-a-1603 | AT14: QA-a-1613 | AV14: QA-a-1623 | AX14: QA-a-1703 | AZ14: QA-a-1803 | BB14: QA-a-1903 | BD14: QA-a-2003 | BF14: QA-a-2303 | BH14: QA-a-2403 | BJ14: QA-a-2503 | BL14: QA-a-2603 | BN14: QA-a-2606 | BP14: QA-a-3003 | BR14: QA-a-3009 | BT14: QA-a-3022 | BV14: QA-a-3032
B15: QA-a-104 | D15: QA-a-204 | F15: QA-a-304 | H15: QA-a-404 | J15: QA-a-504 | L15: QA-a-516 | N15: QA-a-526 | P15: QA-a-607 | R15: QA-a-606 | T15: QA-a-621 | V15: QA-a-704 | X15: QA-a-804 | Z15: QA-a-814 | AB15: QA-a-904 | AD15: QA-a-1004 | AF15: QA-a-1104 | AH15: QA-a-1110 | AJ15: QA-a-1204 | AL15: QA-a-1216 | AN15: QA-a-1304 | AP15: QA-a-1404 | AR15: QA-a-1604 | AT15: QA-a-1614 | AV15: QA-a-1624 | AX15: QA-a-1704 | AZ15: QA-a-1804 | BB15: QA-a-1904 | BD15: QA-a-2004 | BF15: QA-a-2304 | BH15: QA-a-2404 | BJ15: QA-a-2504 | BL15: QA-a-2607 | BN15: QA-a-2611 | BP15: QA-a-3004 | BR15: QA-a-3010 | BT15: QA-a-3023 | BV15: QA-a-3033
B16: QA-a-105 | D16: QA-a-205 | H16: QA-a-405 | J16: QA-a-505 | L16: QA-a-517 | N16: QA-a-527 | P16: QA-a-611 | R16: QA-a-607 | V16: QA-a-705 | X16: QA-a-805 | AB16: QA-a-905 | AD16: QA-a-1005 | AF16: QA-a-1105 | AH16: QA-a-1111 | AJ16: QA-a-1205 | AL16: QA-a-1217 | AN16: QA-a-1305 | AP16: QA-a-1405 | AR16: QA-a-1605 | AT16: QA-a-1615 | AV16: QA-a-1625 | AX16: QA-a-1705 | AZ16: QA-a-1805 | BB16: QA-a-1905 | BD16: QA-a-2005 | BF16: QA-a-2305 | BH16: QA-a-2405 | BJ16: QA-a-2505 | BL16: QA-a-2608 | BN16: QA-a-2612 | BP16: QA-a-3005 | BR16: QA-a-3011 | BT16: QA-a-3024
B17: QA-a-106 | D17: QA-a-206 | H17: QA-a-406 | J17: QA-a-506 | L17: QA-a-518 | N17: QA-a-528 | P17: QA-a-612 | R17: QA-a-608 | V17: QA-a-706 | X17: QA-a-806 | AB17: QA-a-906 | AD17: QA-a-1006 | AF17: QA-a-1106 | AH17: QA-a-1112 | AJ17: QA-a-1206 | AL17: QA-a-1218 | AN17: QA-a-1306 | AP17: QA-a-1406 | AR17: QA-a-1606 | AT17: QA-a-1616 | AV17: QA-a-1626 | AX17: QA-a-1706 | AZ17: QA-a-1806 | BB17: QA-a-1906 | BD17: QA-a-2006 | BF17: QA-a-2306 | BH17: QA-a-2406 | BJ17: QA-a-2506 | BL17: QA-a-2609 | BN17: QA-a-2613 | BP17: QA-a-3006 | BR17: QA-a-3012 | BT17: QA-a-3025
B18: QA-a-107 | D18: QA-a-207 | H18: QA-a-407 | J18: QA-a-507 | L18: QA-a-519 | N18: QA-a-529 | P18: QA-a-614 | R18: QA-a-611 | V18: QA-a-707 | X18: QA-a-807 | AB18: QA-a-907 | AD18: QA-a-1007 | AH18: QA-a-1113 | AJ18: QA-a-1207 | AL18: QA-a-1219 | AN18: QA-a-1307 | AP18: QA-a-1407 | AR18: QA-a-1607 | AT18: QA-a-1617 | AV18: QA-a-1627 | AX18: QA-a-1707 | BB18: QA-a-1907 | BH18: QA-a-2407 | BJ18: QA-a-2507 | BL18: QA-a-2610 | BR18: QA-a-3013 | BT18: QA-a-3026
B19: QA-a-108 | D19: QA-a-208 | H19: QA-a-408 | J19: QA-a-508 | L19: QA-a-520 | N19: QA-a-530 | P19: QA-a-615 | R19: QA-a-612 | V19: QA-a-708 | X19: QA-a-808 | AB19: QA-a-908 | AD19: QA-a-1008 | AH19: QA-a-1114 | AJ19: QA-a-1208 | AL19: QA-a-1220 | AN19: QA-a-1308 | AP19: QA-a-1408 | AR19: QA-a-1608 | AT19: QA-a-1618 | AV19: QA-a-1628 | AX19: QA-a-1708 | BB19: QA-a-1908 | BH19: QA-a-2408 | BJ19: QA-a-2508 | BL19: QA-a-2614 | BR19: QA-a-3014 | BT19: QA-a-3027
B20: QA-a-109 | D20: QA-a-209 | H20: QA-a-409 | J20: QA-a-509 | L20: QA-a-521 | P20: QA-a-618 | R20: QA-a-613 | X20: QA-a-809 | AB20: QA-a-909 | AD20: QA-a-1009 | AH20: QA-a-1115 | AJ20: QA-a-1209 | AL20: QA-a-1221 | AP20: QA-a-1409 | AR20: QA-a-1609 | AT20: QA-a-1619 | AV20: QA-a-1629 | AX20: QA-a-1709 | BB20: QA-a-1909 | BH20: QA-a-2409 | BJ20: QA-a-2509 | BR20: QA-a-3015 | BT20: QA-a-3028
B21: QA-a-110 | D21: QA-a-210 | H21: QA-a-410 | J21: QA-a-510 | L21: QA-a-522 | P21: QA-a-619 | R21: QA-a-614 | X21: QA-a-810 | AB21: QA-a-910 | AD21: QA-a-1010 | AH21: QA-a-1116 | AJ21: QA-a-1210 | AL21: QA-a-1222 | AP21: QA-a-1410 | AR21: QA-a-1610 | AT21: QA-a-1620 | AV21: QA-a-1630 | AX21: QA-a-1710 | BB21: QA-a-1910 | BH21: QA-a-2410 | BJ21: QA-a-2510 | BR21: QA-a-3016 | BT21: QA-a-3029
B22: QA-a-111 | J22: QA-a-511 | R22: QA-a-616 | AB22: QA-a-911 | AH22: QA-a-1117 | AJ22: QA-a-1211 | AL22: QA-a-1223 | AP22: QA-a-1411 | AV22: QA-a-1631 | BJ22: QA-a-2511 | BR22: QA-a-3017
B23: QA-a-112 | J23: QA-a-512 | R23: QA-a-617 | AB23: QA-a-912 | AH23: QA-a-1118 | AJ23: QA-a-1212 | AL23: QA-a-1224 | AP23: QA-a-1412 | AV23: QA-a-1632 | BJ23: QA-a-2512 | BR23: QA-a-3018
R24: QA-a-618 | AB24: QA-a-913 | AP24: QA-a-1413 | BR24: QA-a-3019
R25: QA-a-619 | AB25: QA-a-914 | AP25: QA-a-1414

Sheet PROJECT ROLES & RESPONSIBILITES
A4: PROJECT ROLES & RESPONSIBILITES
A6: =PMP!A6 -> Project Name: | C6: =PMP!C6:K6 -> A494 River Dee Bridge Deck over-slabbing Contingency Scheme
A7: Project Number: | C7: =PMP!C7:K7 -> 21-NM-CHR-003
A8: Project Details
A9: =PMP!A9 -> Project Description: | D9: =PMP!D9:K9 -> The North and Mid Wales Trunk Road Agent (NMWTRA) have commissioned a project to develop a major maintenance intervention should a critical defect be identified within the A494 River Dee Bridge structure and enable this to be implemented with minimal impact on traffic conditions. The proposed design intervention comprises of removing a depth of existing road surfacing and replacing with a new thin reinforced concrete over-slab with combined waterproof and wearing membrane (hence forth referred to as the ‘over-slabbing works’). Enabling works are required to parts of the central reserve and to the Riverside Way Junction to facilitate contraflow traffic management arrangements during construction. The enabling works consist of construction 2Nr crossovers through the central reserve west of the existing bridge and works to widen the Riverside Way Junction.
A10: Project Location: | D10: =PMP!D11:K11 -> Enter your project location here
A12: Plan Approvals
A13: Written by: | C13: Name: | D13: =PMP!D14 -> 0 | G13: Signature: | H13: =PMP!H14 -> 0 | J13: Date: | K13: =PMP!K14 -> 0
A14: Approved by: | C14: Name: | D14: =PMP!D15 -> 0 | G14: Signature: | H14: =PMP!H15 -> 0 | J14: Date: | K14: =PMP!K15 -> 0
A16: Explanatory Notes:-
A17: Origination: Tender phase origination resides with the Project Manager. Construction Phase update will be the responsibility of the Site Manager.
A18: Approval: Tender phase approval resides with the Contracts Manager or Regional Director. Construction Phase approval will be the responsibility of the Project Manager.
A19: (Revision: The plan will be revised to reflect changes that have been made to the product, project or contract, work practices, service provision or Quality Assurance procedures. Where changes are made to the plan an assessment of the impacts of the changes will be carried out and recorded in the Version Control section below.
A21: Version Control
A22: Description of changes | E22: Date | F22: Revision | G22: Page No. | H22: Comments
A30: Explanatory Notes:-
A31: This Project Management Plan will be added to, reviewed and updated as the project develops, further design work is completed, information from subcontractors starting work becomes available, unforeseen circumstances or variations to planned circumstances arise or where the operations management team deem it is necessary.
A32: If sections are deemed not applicable DO NOT DELETE. Replace text with not applicable on this project.
A34: 1.1) Project Organisation and Resource
A35: (a) Agreed responsibilities and Specific duties for key roles are outlined in the Jones Bros Business Management system under 03 -Knowledge area - 03.21 - HR - 03.21.01 Job Role Descriptions. Responsibilities are also identified in associated Process Flow Charts (PFC) held in the Jones Bros BMS 03 - Knowledge area - 03.03 Process Flow Charts and, where appropriate, referenced throughout this plan.
A36: (b) Communication and display of appointments: | E36: A copy of the appointments is to be displayed on the project’s health and safety notice board and in the project filing structure located in the site reception.
A37: (c) All appointments on the matrix are to be signed for by each individual as acceptance and understanding of the issued roles and responsibilities for the project.
A38: (d) Appointments will be reviewed and updated throughout the project, reflecting any changes or movement in the project as required.
A39: Role | C39: Name | F39: Company | H39: Address | J39: E-mail | K39: Telephone
A40: =PMP!A97 -> Client | C40: =PMP!C97 -> {insert name} | F40: =PMP!F97 -> The North and Mid Wales Trunk Road Agent (NMWTRA) | H40: =PMP!H97 -> Insert Address | J40: =PMP!J97 -> {insert email} | K40: =PMP!K97 -> {insert tel no.}
A41: =PMP!A98 -> Client Contract Admin | C41: =PMP!C98 -> {insert name} | F41: =PMP!F98 -> {insert company} | H41: =PMP!H98 -> {insert address} | J41: =PMP!J98 -> {insert email} | K41: =PMP!K98 -> {insert tel no.}
A42: =PMP!A99 -> Principal Contractor | C42: =PMP!C99 -> Jones Bros | F42: =PMP!F99 -> Jones Bros. Ruthin (Civil Engineering) Co. Ltd | H42: =PMP!H99 -> Jones Bros. Ruthin (Civil Engineering) Co. Ltd Ty Glyn, Canol Y Dre, Ruthin, Denbighshire LL15 1QW | J42: =PMP!J99 -> {insert email} | K42: =PMP!K99 -> {insert tel no.}
A43: =PMP!A100 -> Workforce Planning Manager | C43: =PMP!C100 -> Alan Manuel | F43: =PMP!F100 -> Jones Bros. Ruthin (Civil Engineering) Co. Ltd | H43: =PMP!H100 -> Jones Bros. Ruthin (Civil Engineering) Co. Ltd Ty Glyn, Canol Y Dre, Ruthin, Denbighshire LL15 1QW | J43: =PMP!J100 -> alan.manuel@jones-bros.com | K43: =PMP!K100 -> 07384834594
A44: =PMP!A101 -> IT Infrastructure Section Manager | C44: =PMP!C101 -> Gerallt Ellis | F44: =PMP!F101 -> Jones Bros. Ruthin (Civil Engineering) Co. Ltd | H44: =PMP!H101 -> Jones Bros. Ruthin (Civil Engineering) Co. Ltd Ty Glyn, Canol Y Dre, Ruthin, Denbighshire LL15 1QW | J44: =PMP!J101 -> gerallt@jones-bros.com | K44: =PMP!K101 -> 07584 705103
A45: =PMP!A102 -> IT Systems Section Manager | C45: =PMP!C102 -> Colin Jones | F45: =PMP!F102 -> Jones Bros. Ruthin (Civil Engineering) Co. Ltd | H45: =PMP!H102 -> Jones Bros. Ruthin (Civil Engineering) Co. Ltd Ty Glyn, Canol Y Dre, Ruthin, Denbighshire LL15 1QW | J45: =PMP!J102 -> colin.jones@jones-bros.com
A46: =PMP!A103 -> Jones Bros Internal Auditor | C46: =PMP!C103 -> Ellis Ashton | F46: =PMP!F103 -> Jones Bros. Ruthin (Civil Engineering) Co. Ltd | H46: =PMP!H103 -> Jones Bros. Ruthin (Civil Engineering) Co. Ltd Ty Glyn, Canol Y Dre, Ruthin, Denbighshire LL15 1QW | J46: =PMP!J103 -> ellisa@jones-bros.com | K46: =PMP!K103 -> 07384 835329
A47: =PMP!A104 -> Principal Designer | C47: =PMP!C104 -> (Insert name) | F47: =PMP!F104 -> Insert Company Name | H47: =PMP!H104 -> Insert Address | J47: =PMP!J104 -> {insert email} | K47: =PMP!K104 -> {insert tel no.}
A48: =PMP!A105 -> Designer | C48: =PMP!C105 -> (Insert name) | F48: =PMP!F105 -> Insert Company Name | H48: =PMP!H105 -> Insert Address | J48: =PMP!J105 -> {insert email} | K48: =PMP!K105 -> {insert tel no.}
A49: =PMP!A106 -> Architect | C49: =PMP!C106 -> {insert name} | F49: =PMP!F106 -> {insert company} | H49: =PMP!H106 -> {insert address} | J49: =PMP!J106 -> {insert email} | K49: =PMP!K106 -> {insert tel no.}
A50: =PMP!A107 -> Structural Engineer | C50: =PMP!C107 -> {insert name} | F50: =PMP!F107 -> {insert company} | H50: =PMP!H107 -> {insert address} | J50: =PMP!J107 -> {insert email} | K50: =PMP!K107 -> {insert tel no.}
A51: =PMP!A108 -> Mechanical Consultant | C51: =PMP!C108 -> {insert name} | F51: =PMP!F108 -> {insert company} | H51: =PMP!H108 -> {insert address} | J51: =PMP!J108 -> {insert email} | K51: =PMP!K108 -> {insert tel no.}
A52: =PMP!A109 -> Electrical Consultant | C52: =PMP!C109 -> (Insert name) | F52: =PMP!F109 -> Insert Company Name | H52: =PMP!H109 -> Insert Address | J52: =PMP!J109 -> {insert email} | K52: =PMP!K109 -> {insert tel no.}
A53: =PMP!A110 -> Contract Director | C53: =PMP!C110 -> Hefin Lloyd-Davies | F53: =PMP!F110 -> Jones Bros. Ruthin (Civil Engineering) Co. Ltd | H53: =PMP!H110 -> Jones Bros. Ruthin (Civil Engineering) Co. Ltd Ty Glyn, Canol Y Dre, Ruthin, Denbighshire LL15 1QW | J53: =PMP!J110 -> hefin@jones-bros.com | K53: =PMP!K110 -> 07887 722560
A54: =PMP!A111 -> Contracts Manager | C54: =PMP!C111 -> Daniel Robat Williams | F54: =PMP!F111 -> Jones Bros. Ruthin (Civil Engineering) Co. Ltd | H54: =PMP!H111 -> Jones Bros. Ruthin (Civil Engineering) Co. Ltd Ty Glyn, Canol Y Dre, Ruthin, Denbighshire LL15 1QW | J54: =PMP!J111 -> robat@jones-bros.com | K54: =PMP!K111 -> 07787 100752
A55: =PMP!A112 -> Project Manager | C55: =PMP!C112 -> (Insert name) | F55: =PMP!F112 -> Jones Bros. Ruthin (Civil Engineering) Co. Ltd | H55: =PMP!H112 -> Jones Bros. Ruthin (Civil Engineering) Co. Ltd Ty Glyn, Canol Y Dre, Ruthin, Denbighshire LL15 1QW | J55: =PMP!J112 -> {insert email} | K55: =PMP!K112 -> {insert tel no.}
A56: =PMP!A113 -> Site Agent | C56: =PMP!C113 -> (Insert name) | F56: =PMP!F113 -> Jones Bros. Ruthin (Civil Engineering) Co. Ltd | H56: =PMP!H113 -> Jones Bros. Ruthin (Civil Engineering) Co. Ltd Ty Glyn, Canol Y Dre, Ruthin, Denbighshire LL15 1QW | J56: =PMP!J113 -> {insert email} | K56: =PMP!K113 -> {insert tel no.}
A57: =PMP!A114 -> Senior Works Manager | C57: =PMP!C114 -> (Insert name) | F57: =PMP!F114 -> Jones Bros. Ruthin (Civil Engineering) Co. Ltd | H57: =PMP!H114 -> Jones Bros. Ruthin (Civil Engineering) Co. Ltd Ty Glyn, Canol Y Dre, Ruthin, Denbighshire LL15 1QW | J57: =PMP!J114 -> {insert email} | K57: =PMP!K114 -> {insert tel no.}
... A90: =PMP!A147 -> First Aider 4 | C90: =PMP!C147 -> (Insert name) | F90: =PMP!F147 -> Jones Bros. Ruthin (Civil Engineering) Co. Ltd | H90: =PMP!H147 -> Jones Bros. Ruthin (Civil Engineering) Co. Ltd Ty Glyn, Canol Y Dre, Ruthin, Denbighshire LL15 1QW | J90: =PMP!J147 -> {insert email} | K90: =PMP!K147 -> {insert tel no.}
A91: =PMP!A150 -> Traffic Management Coordinator | C91: =PMP!C150 -> (Insert name) | F91: =PMP!F150 -> Jones Bros. Ruthin (Civil Engineering) Co. Ltd | H91: =PMP!H150 -> Jones Bros. Ruthin (Civil Engineering) Co. Ltd Ty Glyn, Canol Y Dre, Ruthin, Denbighshire LL15 1QW | J91: =PMP!J150 -> {insert email} | K91: =PMP!K150 -> {insert tel no.}
A92: =PMP!A151 -> Traffic Management Supervisor | C92: =PMP!C151 -> (Insert name) | F92: =PMP!F151 -> Jones Bros. Ruthin (Civil Engineering) Co. Ltd | H92: =PMP!H151 -> Jones Bros. Ruthin (Civil Engineering) Co. Ltd Ty Glyn, Canol Y Dre, Ruthin, Denbighshire LL15 1QW | J92: =PMP!J151 -> {insert email} | K92: =PMP!K151 -> {insert tel no.}
A93: =PMP!A152 -> Daily/Weekly HSE Checks | C93: =PMP!C152 -> (Insert name) | F93: =PMP!F152 -> Jones Bros. Ruthin (Civil Engineering) Co. Ltd | H93: =PMP!H152 -> Jones Bros. Ruthin (Civil Engineering) Co. Ltd Ty Glyn, Canol Y Dre, Ruthin, Denbighshire LL15 1QW | J93: =PMP!J152 -> {insert email} | K93: =PMP!K152 -> {insert tel no.}
C94: =CPP!$C$152 -> Daily Delete or add as required (Mandatory must be completed) HS-a-043 - Excavations: Daily Check (Mandatory) HS-a-018 - H&S - Work Stopped for Day: Check (Mandatory) EN-a-001 - Environment Inspection: Daily Check (Mandatory) EN-a-002 - Environment Daily Generator Fuel Recording (Mandatory) | H94: =CPP!$H$152 -> Weekly Delete or add as required (Mandatory must be completed) HS-a-002 - Safe Place of Work: Weekly Check (Mandatory)
C95: =CPP!$C$153 -> Available When Required Checks HS-a-023 - Ladder Inspection Record HS-a-029 - Hand-Arm and Whole-Body Vibration Assessment and Monitoring HS-a-033 - Temporary Works Foundation Check HS-a-034 - Falsework Structure Check HS-a-035 - Falsework Timber HS-a-036 - Work Equipment Inspection Report HS-a-050 - HS - Point of Works Risk Assessment HS-a-062 - Mobile Scaffold - Daily Inspection HS-a-045 - Fall Arrest Equipment Pre-use Checks HS-a-048 - HSE Noise Monitoring Record HS-a-015 - Scaffolds: Weekly Check HS-a-019 - Roof Work: Weekly Check HS-a-008 - Noise Weekly Checklist EN-a-003 - Environment - Daily - Watercourse Monitoring Record (Site Specific) EN-a-004 - Environment - Daily Air Quality Monitoring Record (Site Specific) QC-a-001 - Quality Control - Instrument Check QC-a-002 - Quality Control - Machine Control Check
A96: =PMP!A153 -> Daily/Weekly HSE Checks | C96: =PMP!C153 -> (Insert name) | F96: =PMP!F153 -> Jones Bros. Ruthin (Civil Engineering) Co. Ltd | H96: =PMP!H153 -> Jones Bros. Ruthin (Civil Engineering) Co. Ltd Ty Glyn, Canol Y Dre, Ruthin, Denbighshire LL15 1QW | J96: =PMP!J153 -> {insert email} | K96: =PMP!K153 -> {insert tel no.}
C97: =CPP!$C$155 -> Daily Delete or add as required (Mandatory must be completed) HS-a-043 - Excavations: Daily Check (Mandatory) HS-a-018 - H&S - Work Stopped for Day: Check (Mandatory) EN-a-001 - Environment Inspection: Daily Check (Mandatory) EN-a-002 - Environment Daily Generator Fuel Recording (Mandatory) | H97: =CPP!$H$155 -> Weekly Delete or add as required (Mandatory must be completed) HS-a-002 - Safe Place of Work: Weekly Check (Mandatory)
C98: =CPP!$C$156 -> Available When Required Checks HS-a-023 - Ladder Inspection Record HS-a-029 - Hand-Arm and Whole-Body Vibration Assessment and Monitoring HS-a-033 - Temporary Works Foundation Check HS-a-034 - Falsework Structure Check HS-a-035 - Falsework Timber HS-a-036 - Work Equipment Inspection Report HS-a-050 - HS - Point of Works Risk Assessment HS-a-062 - Mobile Scaffold - Daily Inspection HS-a-045 - Fall Arrest Equipment Pre-use Checks HS-a-048 - HSE Noise Monitoring Record HS-a-015 - Scaffolds: Weekly Check HS-a-019 - Roof Work: Weekly Check HS-a-008 - Noise Weekly Checklist EN-a-003 - Environment - Daily - Watercourse Monitoring Record (Site Specific) EN-a-004 - Environment - Daily Air Quality Monitoring Record (Site Specific) QC-a-001 - Quality Control - Instrument Check QC-a-002 - Quality Control - Machine Control Check
A99: =PMP!A154 -> Daily/Weekly HSE Checks | C99: =PMP!C154 -> (Insert name) | F99: =PMP!F154 -> Jones Bros. Ruthin (Civil Engineering) Co. Ltd | H99: =PMP!H154 -> Jones Bros. Ruthin (Civil Engineering) Co. Ltd Ty Glyn, Canol Y Dre, Ruthin, Denbighshire LL15 1QW | J99: =PMP!J154 -> {insert email} | K99: =PMP!K154 -> {insert tel no.}
C100: =CPP!$C$158 -> Daily Delete or add as required (Mandatory must be completed) HS-a-043 - Excavations: Daily Check (Mandatory) HS-a-018 - H&S - Work Stopped for Day: Check (Mandatory) EN-a-001 - Environment Inspection: Daily Check (Mandatory) EN-a-002 - Environment Daily Generator Fuel Recording (Mandatory) | H100: =CPP!$H$158 -> Weekly Delete or add as required (Mandatory must be completed) HS-a-002 - Safe Place of Work: Weekly Check (Mandatory)
C101: =CPP!$C$159 -> Available When Required Checks HS-a-023 - Ladder Inspection Record HS-a-029 - Hand-Arm and Whole-Body Vibration Assessment and Monitoring HS-a-033 - Temporary Works Foundation Check HS-a-034 - Falsework Structure Check HS-a-035 - Falsework Timber HS-a-036 - Work Equipment Inspection Report HS-a-050 - HS - Point of Works Risk Assessment HS-a-062 - Mobile Scaffold - Daily Inspection HS-a-045 - Fall Arrest Equipment Pre-use Checks HS-a-048 - HSE Noise Monitoring Record HS-a-015 - Scaffolds: Weekly Check HS-a-019 - Roof Work: Weekly Check HS-a-008 - Noise Weekly Checklist EN-a-003 - Environment - Daily - Watercourse Monitoring Record (Site Specific) EN-a-004 - Environment - Daily Air Quality Monitoring Record (Site Specific) QC-a-001 - Quality Control - Instrument Check QC-a-002 - Quality Control - Machine Control Check
A102: Project Energy Management Champion (Only if project is valued at over £1 million and/or over 20 weeks in duration) | C102: =PMP!C155 -> (Insert name) | F102: =PMP!F155 -> Jones Bros. Ruthin (Civil Engineering) Co. Ltd | H102: =PMP!H155 -> Jones Bros. Ruthin (Civil Engineering) Co. Ltd Ty Glyn, Canol Y Dre, Ruthin, Denbighshire LL15 1QW | J102: =PMP!J155 -> {insert email} | K102: =PMP!K155 -> {insert tel no.}
A103: =PMP!A156 -> Other | C103: =PMP!C156 -> {insert name} | F103: =PMP!F156 -> Jones Bros. Ruthin (Civil Engineering) Co. Ltd | H103: =PMP!H156 -> {insert address} | J103: =PMP!J156 -> {insert email} | K103: =PMP!K156 -> {insert tel no.}
A104: Responsibilities
A105: Contracts Manager | C105: The Contracts manager responsible for: ·Ensuring that those persons, to whom functions are delegated, have the capacity to carry them out. ·To take charge of the drafting and updating of the Construction Phase Plan and all supporting documents. ·Ensuring that the assessment of risks is integrated within the day-to-day functions of Jones Bros (JB). ·Pre-plan contracts in order to establish appropriate working methods, material purchases and sequence of operation to minimise any potential hazard or pollution. ·Participate in the detailed review of accident and incident investigation and implement appropriate action to prevent recurrence. ·Co-ordinate the health, safety and environmental monitoring and act upon the information and reports arising from it. ·Collate information from the Health, Safety & environmental meetings and refer to the Managing Director any matters that require that level of authority. ·Take appropriate disciplinary action under established disciplinary procedures with regard to any employee not complying with their duties and responsibilities and safe working practices as laid down in policy and procedures. ·To implement systems to ensure that all activities operate in accordance with statutory regulations and with the safety policy including the production of relevant risk assessments and method statements and refrain from condoning any activity which is in breach of those requirements. ·Appoint only competent contractors who have made adequate allowances for matters of safety, health and environmental provisions. ·Ensure that any measurements and review of contractor performance takes account of their compliance with appropriate Safety, health and environmental provisions. ·To ensure those facilities are established to assess all risks faced by or created by employees and to determine and record a strategy to overcome those risks. ·Ensure that on all projects to which CDM applies, that procedures are adopted to only allow projects to start after a suitable Construction Phase Plan has been produced.
A106: Site Agent / Engineer | C106: The site agent / engineer is responsible for: ·To ensure that all activities operate in accordance with statutory requirements and with the Health and Safety Policy and the Health and Safety procedures. ·To ensure that all subordinate staff have sufficient safety training to enable them to conduct their work without undue risks to their own or other people’s safety and health. ·To ensure that all subordinate staff have sufficient environmental training / information to enable them to conduct their work without undue pollution to the environment ·To assist the contracts manager in updating of the Construction phase plan. ·To secure from each sub-contractor a method statement and risk assessments providing details of the way in which any hazardous aspects of the work is to be executed. ·To ensure that access routes are planned. Deliveries are programmed to ensure the company requirements with regard to storage, clearing up, tidiness etc. ··· Ensure that storage areas are prepared and that materials are ordered in quantities which will not create difficulties. ·To seek advice on any matters of safety and health upon which there is uncertainty.
A107: Site Manager | C107: The site Manager is responsible for: ·To ensure that all subordinate staff have sufficient safety training to enable them to conduct their work without undue risks to their own or other people’s safety and health and have sufficient environmental training / information to enable them to conduct their work without undue pollution to the environment ·To assist the construction manager in updating of the Construction phase plan. ·To ensure that all personnel, whether operatives, sub-contractors or legitimate visitors are inducted onto the site they visit and made aware of the specific risks associated with the site. ·To ensure that all risks faced by JB personnel, sub-contractors and others have been adequately assessed, that the necessary precautions have been established and that they are being implemented. ·Ensure and maintain in good order, adequate protective clothing, hard hats, reflective waistcoats, safety boots etc. for all employees PPE MUST BE WORN ON ALL SITES. If the job requires, additional PPE is supplied and used. ·To ensure adequate and suitable welfare facilities are available and are maintained in a good order. ·Encourage site tidiness and high standards of housekeeping to reduce the risk of accidents and wastage of materials. ·Ensure any statutory notices are displayed ·To ensure all accidents whether or not they give rise to injury, pollution or property damage is reported in accordance with the established procedures. ·To ensure that all operations are inspected on a regular basis and to act on all proper reports submitted either orally or in writing.
A108: Employees & Subcontractors | C108: All Employees and sub contractors are responsible for: ·To know the detail of the policy and where appropriate the health and Safety plan which will affect them. ·To work in accordance with the policy, the method statements, and where appropriate, the health and safety plan. ·To attend all briefings in respect of matters of safety health and environment and act upon the information given. ·To report to the appropriate line manager if there is any reason that instructions on safety and health cannot be followed. ·To report all accidents whether or not they result in injury, pollution or property damage and to complete the accident/incident report form. ·To report to line management any matter which is considered a risk to the safety and health of anyone who may be affected by the site activity. ·Make full and proper use of any safety equipment, machinery guards, and to operate all equipment in accordance with instructions. ·To refrain from interfering with anything provided for their safety and health. ·To use any issued equipment and to refrain from improvising ·To refrain from indulging in horseplay ·To report immediately any defect in any equipment ·To set a personal example.

Sheet Validation
A3: Please Specify: | C3: Please Specify:
A4: Daily | C4: Required
A5: Weekly | C5: Not Required
A6: Forthnightly
A7: Monthly
A8: Quarterly
A9: Annually
